Workbook
Name 会場設営費: #REF!
Name 会場設営費: 財審様式!$B$63:$B$68
Name 企画・演出費: #REF!
Name 企画・演出費: 財審様式!$B$69:$B$74
Name 広報費: #REF!
Name 広報費: 財審様式!$B$92:$B$99
Name 講師関係費: #REF!
Name 講師関係費: 財審様式!$B$86:$B$91
Name 雑費: #REF!
Name 雑費: 財審様式!$B$117
Name 参加記念品費: #REF!
Name 参加記念品費: 財審様式!$B$114
Name 資料作成費: #REF!
Name 資料作成費: 財審様式!$B$100:$B$104
Name 渉外費: #REF!
Name 渉外費: 財審様式!$B$109:$B$110
Name 通信費: #REF!
Name 通信費: 財審様式!$B$116
Name 保険料: #REF!
Name 保険料: 財審様式!$B$115
Name 報告書作成費: #REF!
Name 報告書作成費: 財審様式!$B$105:$B$108
Name 本部団関係費: #REF!
Name 本部団関係費: 財審様式!$B$75:$B$85
Name 予備費: #REF!
Name 予備費: 財審様式!$B$118
Name 様式７: '協賛に関する覚書(様式8)'!$A$53
Name 旅費交通費: #REF!
Name 旅費交通費: 財審様式!$B$111:$B$113

Sheet 財審様式
A1: 2025年度 財審様式フォ-ム
A3: 様式 番号 | B3: 様式名称 | Q3: 摘 要
C4: 財審協議 | E4: 財審審議 | G4: 理事会前 | I4: 財審修正 | K4: 財審補正 | M4: 財審決算 | O4: 理事会前 | Q4: ※議案上程に必要な資料 デ＝デジタル資料 紙＝紙資料
A5: 事業会計関連様式 | C5: デ | D5: 紙 | E5: デ | F5: 紙 | G5: デ | H5: 紙 | I5: デ | J5: 紙 | K5: デ | L5: 紙 | M5: デ | N5: 紙 | O5: デ | P5: 紙 | Q5: ※◎＝必要 ○＝条件または事業により必要 ●＝押印済み原本が必要
B6: 事業計画書・事業報告書（議案本文） | C6: ◎ | D6: - | E6: ◎ | F6: - | G6: - | H6: ◎ | I6: ◎ | J6: - | K6: ◎ | L6: - | M6: ◎ | N6: - | O6: - | P6: ◎
B7: 財審様式（本シ-ト） | C7: ◎ | D7: - | E7: ◎ | F7: ◎ | G7: - | H7: - | I7: ◎ | J7: ◎ | K7: ◎ | L7: ◎ | M7: ◎ | N7: ◎ | O7: - | P7: -
A8: 様式1 | B8: 委員会年間事業予算管理表 | C8: ◎ | D8: - | E8: ◎ | F8: ◎ | G8: - | H8: - | I8: ◎ | J8: ◎ | K8: ◎ | L8: ◎ | M8: - | N8: - | O8: - | P8: -
A9: 様式2 | B9: 事業費（仮）決定通知書 | C9: ◎ | D9: - | E9: ◎ | F9: ◎ | G9: - | H9: - | I9: ◎ | J9: ◎ | K9: ◎ | L9: ◎ | M9: - | N9: - | O9: - | P9: - | Q9: 事業費を使用しない場合は、作成不要
A10: 様式2 | B10: 収支予算書 | C10: ◎ | D10: - | E10: ◎ | F10: ◎ | G10: - | H10: - | I10: - | J10: - | K10: - | L10: - | M10: - | N10: - | O10: - | P10: -
A11: 様式3 | B11: 収益費用明細書 | C11: ◎ | D11: - | E11: ◎ | F11: ◎ | G11: - | H11: - | I11: - | J11: - | K11: - | L11: - | M11: - | N11: - | O11: - | P11: -
A12: 様式4 | B12: 見積（請求）企業一覧表 | C12: ◎ | D12: - | E12: ◎ | F12: ◎ | G12: - | H12: - | I12: ◎ | J12: ◎ | K12: ◎ | L12: ◎ | M12: ◎ | N12: ◎ | O12: - | P12: - | Q12: 計画時には見積書をリンクする 決算時には請求書及び振込受付書をリンクする
A13: 様式5 | B13: 講師等出演依頼承諾書 | C13: ○ | D13: - | E13: ○ | F13: ● | G13: - | H13: - | I13: ○ | J13: ● | K13: - | L13: - | M13: ○ | N13: ○ | O13: - | P13: - | Q13: 講演等を依頼する場合に必要、規則審査会議と共通書式 決算時には請求書と同じ扱いになります。
A14: 様式6 | B14: 報酬明細書 | C14: ○ | D14: - | E14: ○ | F14: ○ | G14: - | H14: - | I14: ○ | J14: ○ | K14: ○ | L14: ○ | M14: - | N14: - | O14: - | P14: - | Q14: 源泉徴収が発生する場合に必要
A15: 様式7 | B15: 協賛金収入・物品協賛内訳書 | C15: ○ | D15: - | E15: ○ | F15: ○ | G15: - | H15: - | I15: ○ | J15: ○ | K15: ○ | L15: ○ | M15: ○ | N15: ○ | O15: - | P15: - | Q15: 協賛金等導入の場合に必要
A16: 様式8 | B16: 広告協賛に関する覚書 | C16: ○ | D16: - | E16: ○ | F16: ○ | G16: - | H16: - | I16: ○ | J16: ○ | K16: ○ | L16: ○ | M16: - | N16: - | O16: - | P16: - | Q16: 押印してある紙資料を提出
A17: 様式9 | B17: 寄付申出書 | C17: ○ | D17: - | E17: ○ | F17: ○ | G17: - | H17: - | I17: ○ | J17: ○ | K17: ○ | L17: ○ | M17: - | N17: - | O17: - | P17: - | Q17: 押印してある紙資料を提出
A18: 様式10 | B18: 収支決算報告書 | C18: - | D18: - | E18: - | F18: - | G18: - | H18: - | I18: - | J18: - | K18: - | L18: - | M18: ◎ | N18: ◎ | O18: - | P18: -
A19: 様式11 | B19: 収益費用明細書（決算用） | C19: - | D19: - | E19: - | F19: - | G19: - | H19: - | I19: - | J19: - | K19: - | L19: - | M19: ◎ | N19: ◎ | O19: - | P19: -
A20: 様式12 | B20: 差異発生理由書 | C20: - | D20: - | E20: - | F20: - | G20: - | H20: - | I20: ◎ | J20: ◎ | K20: ◎ | L20: ◎ | M20: ○ | N20: ○ | O20: - | P20: - | Q20: 事業終了後、事業支払申請関連様式と請求書を事務局に提出
A21: 様式13 | B21: 消費税等計算シ-ト | C21: - | D21: - | E21: - | F21: - | G21: - | H21: - | I21: - | J21: - | K21: - | L21: - | M21: ◎ | N21: ◎ | O21: - | P21: - | Q21: 子議案には添付不要
A22: 様式14 | B22: 修正・補正収支予算書 | C22: - | D22: - | E22: - | F22: - | G22: - | H22: - | I22: ◎ | J22: ◎ | K22: ◎ | L22: ◎ | M22: - | N22: - | O22: - | P22: - | Q22: 修正予算ならびに補正予算をする場合に使用
A23: 様式15 | B23: 収益費用明細書（修正・補正用） | C23: - | D23: - | E23: - | F23: - | G23: - | H23: - | I23: ◎ | J23: ◎ | K23: ◎ | L23: ◎ | M23: - | N23: - | O23: - | P23: - | Q23: 修正予算ならびに補正予算をする場合に使用
A24: 様式16 | B24: 現金払理由書 | C24: ○ | D24: - | E24: ○ | F24: ○ | G24: - | H24: - | I24: ○ | J24: ○ | K24: ○ | L24: ○ | M24: - | N24: - | O24: - | P24: - | Q24: 会場を借りる場合に必要
A25: 様式17 | B25: 相見積書不提出理由書 | C25: ○ | D25: - | E25: ○ | F25: - | G25: - | H25: - | I25: ○ | J25: ○ | K25: ○ | L25: ○ | M25: - | N25: - | O25: - | P25: -
A26: 様式18 | B26: 見積書不提出理由書 | C26: ○ | D26: - | E26: ○ | F26: - | G26: - | H26: - | I26: ○ | J26: ○ | K26: ○ | L26: ○ | M26: - | N26: - | O26: - | P26: -
A27: 様式19 | B27: 個人事業主からの見積書取得理由書 | C27: ○ | D27: - | E27: ○ | F27: - | G27: - | H27: - | I27: ○ | J27: ○ | K27: ○ | L27: ○ | M27: - | N27: - | O27: - | P27: -
A28: 様式20 | B28: T番号のない事業者からの見積書取得理由書 | C28: ○ | D28: - | E28: ○ | F28: - | G28: - | H28: - | I28: ○ | J28: ○ | K28: ○ | L28: ○ | M28: - | N28: - | O28: - | P28: -
A29: 様式21 | B29: 所有者以外からの見積書取得理由書 | C29: ○ | D29: - | E29: ○ | F29: - | G29: - | H29: - | I29: ○ | J29: ○ | K29: ○ | L29: ○ | M29: - | N29: - | O29: - | P29: -
A30: 様式22 | B30: その他理由書 | C30: ○ | D30: - | E30: ○ | F30: - | G30: - | H30: - | I30: ○ | J30: ○ | K30: ○ | L30: ○ | M30: ○ | N30: - | O30: - | P30: -
A32: 特別領収書関連様式
A33: 様式23 | B33: 特別領収書作成申請書 | C33: ○ | D33: - | E33: ○ | F33: ○ | G33: - | H33: - | I33: ○ | J33: ○ | K33: ○ | L33: ○ | M33: - | N33: - | O33: - | P33: - | Q33: 特別領収書の申請に使用
A34: 様式24 | B34: 特別領収書作成報告書 | C34: - | D34: - | E34: - | F34: - | G34: - | H34: - | I34: - | J34: - | K34: - | L34: - | M34: ○ | N34: ○ | O34: - | P34: - | Q34: 未使用領収書、事業報告書ならびに様式10、様式11、 納品書の写しを添付し提出
A35: 様式25 | B35: 領収書管理台帳 | C35: - | D35: - | E35: - | F35: - | G35: - | H35: - | I35: - | J35: - | K35: - | L35: - | M35: ○ | N35: ○ | O35: - | P35: - | Q35: 特別領収書を管理する時に使用 （領収書つづり及び特別領収書を管理する時に使用）
A37: 事業費支払申請関連様式
A38: 様式31 | B38: 事業費支払申請書兼支払伝票 | Q38: 事業終了後、様式12・34と請求書を事務局に提出
A39: 様式32 | B39: 事業費仮払申請書兼支払伝票 | Q39: 講師への支払いや海外事業でやむをえず現金が必要な時に使用
A40: 様式33 | B40: 事業費仮払精算書兼支払伝票 | Q40: 仮払いを受けたときの精算書
A41: 様式34 | B41: 事業費支払管理書
A43: 委員会会計関連様式
A44: 様式41 | B44: 預り金明細書 | Q44: 預り金がある場合に使用
A45: 様式42 | B45: 総勘定元帳 | Q45: 現金・預金のすべての金銭の動きを記載
A46: 様式51 | B46: 銀行口座届出書 | Q46: 委員会会計用口座を作るのに必要
A47: 様式52 | B47: 預金出納帳 | Q47: 銀行預金の動きを記載
A48: 様式53 | B48: 現金出納帳 | Q48: 手元現金の動きを記載
A50: 参考資料
B51: 日本JC専用封筒等価格表 | Q51: 日本JC専用封筒を使用する場合に様式4に添付
A53: 外部から取得する資料
B54: 見積書 | C54: ◎ | D54: ◎ | E54: ◎ | F54: ● | G54: - | H54: - | I54: ◎ | J54: ● | K54: ◎ | L54: ● | M54: - | N54: - | O54: - | P54: -
B55: 請求書 | C55: - | D55: - | E55: - | F55: - | G55: - | H55: - | I55: - | J55: - | K55: - | L55: - | M55: ◎ | N55: ◎ | O55: - | P55: - | Q55: 事務局に集約し、スキャンコピ-を添付
A61: 【費用の部】
A62: 科目 | B62: 細 目
A63: 会場設営費 | B63: 会場費
B64: 設営費
B65: レンタル料
B66: 運送費
B67: 人件費
B68: 食事代
A69: 企画・演出費 | B69: 企画費
B70: 演出費
B71: 人件費
B72: 旅費交通費
B73: 消耗品費
B74: 食事代
A75: 本部団関係費 | B75: 会場費
B76: 設営費
B77: レンタル料
B78: 運送費
B79: 人件費
B80: 旅費交通費
B81: 保険料
B82: 食事代
B83: 通信費
B84: 消耗品費
B85: 渉外費
A86: 講師関係費 | B86: 諸謝金
B87: 記念品代
B88: 交通費
B89: 宿泊費
B90: 保険料
B91: 食事代
A92: 広報費 | B92: 会場費
B93: 設営費
B94: レンタル料
B95: 運営費
B96: 作成費
B97: ＰＲ費
B98: 通信費
B99: 消耗品費
A100: 資料作成費 | B100: 資料費
B101: 作成費
B102: レンタル料
B103: 通信費
B104: 消耗品費
A105: 報告書作成費 | B105: 作成費
B106: レンタル料
B107: 通信費
B108: 消耗品費
A109: 渉外費 | B109: 役員渉外費
B110: 記念品代
A111: 旅費交通費 | B111: 交通費
...

Sheet 注意事項
A1: 2024年度 財審様式フォ-ム
A3: 事業会計関連様式
B4: 事業計画書・事業報告書（議案本文） | C4: ※ラインミ-ティング・財審事前確認での意見と対応は、「前回までの流れ」に必ず記入して下さい。特にない場合は「特になし」とご記入下さい。理事会上程の議案本文を理事会前に提出。
A5: 様式1 | B5: 委員会年間事業予算管理表 | C5: ※委員会が実施する全事業を記入して下さい。 ※予算執行がない場合には「0」を記入して下さい。
A6: 様式2 | B6: 収支予算書 | C6: ※必ず別記「勘定科目」を遵守して下さい。 ※予備費は全ての事業につき、事業予算の5%以内として下さい。 ※京都会議・サマ-コンファレンス・全国大会におけるフォ-ラム・セミナ-等の子議案については、それぞれ総務委員会・サマ-コ-ファレンス特別委員会・全国大会運営会議と予算調整をして下さい。
A7: 様式3 | B7: 収益費用明細書 | C7: ※勘定科目の細目は会計マニュアルP.15～P.17を参照し、内容に合致するものを使用して下さい。 ※見積№と一致しているか確認して、見積書にリンクさせて下さい。 ※摘要は何をいくつ使うのか具体的に記入。（数量の根拠が必要）
A8: 様式4 | B8: 見積（請求）企業一覧表 | C8: 見積No.から見積書にリンクさせてください。 ※その他注意事項については（5）「見積書の取得について」を参照してください。
A9: 様式5 | B9: 講師等出演依頼承諾書 | C9: ※講師にご講演等を依頼する場合は、必ずご本人確認の上で必要事項を記入し、支払約定日及び方法、源泉税支払い、マイナンバ-取得等の重要事項を再度ご確認の上、財審の協議後に署名捺印を頂いて下さい。 ※特に指定がない場合の支払い予定日は事業終了後2ヶ月以降にして下さい。 ※講師諸謝金が0円でも、原則として講師等出演依頼承諾書を作成して下さい。 ※印紙は理事会承認後、事務局で購入、貼付をします。 ※決算時には請求書と同じ扱いになります。 ※法人の場合は記名押印や電子印でも可
A10: 様式6 | B10: 報酬明細書 | C10: 源泉所得税が発生する場合に必要
A11: 様式7 | B11: 協賛金収入・物品協賛内訳書 | C11: 協賛金、協賛物品等導入の場合に必要
A12: 様式8 | B12: 協賛に関する覚書 | C12: 押印してある紙資料を提出 ※印紙は事務局で購入、貼付します。
A13: 様式9 | B13: 寄付申出書 | C13: 押印してある紙資料を提出 ※5万円以下の寄付の場合に使用可能。
A14: 様式10 | B14: 収支決算報告書 | C14: 請求書、支払状況と照らしあわせて記載して下さい。
A15: 様式11 | B15: 収益費用明細書（決算用） | C15: 請求書、支払状況と照らしあわせて記載して下さい。
A16: 様式10 | B16: 差異発生理由書 | C16: ※事業終了後、事業支払申請関連様式と請求書を事務局に提出 ※差異の理由・内容は出来るだけ詳しく記載してください。 ※予備費については、差異発生理由書に記載する必要はありません。
... A21: 様式17 | B21: 会場選定理由書一覧表 | C21: 会場を借りる場合に必要（1会場の場合は様式16のみで可）
A24: 決算時必要資料
B25: 預金通帳のコピ-
B26: 請求書・領収書 | C26: ※請求書は一括請求での受付はできませんので、明細を記載してください。 ※請求書に基づいて送金したものは、請求書のほか領収書又は納付済受取書が必要です。なお、請求書・領収書綴は、科目別、日付順に作成して下さい。 ※講師料等については、講演等依頼承諾書を添付する。
B27: 公認会計士監査報告書 | C27: ※決算総額3千万円以上（税抜、預り金含まず）の場合に必要です。 ※本会が契約する公認会計士に依頼してください。
B28: 事業費の収支状況並びに余剰金等に関する証明書 | C28: ※事務局に申請し、発行してもらって下さい。
B29: 登録料領収書控 | C29: ※日本JC所定の連番が入ったものならびに、未使用・書き損じ分もそろえて提出して下さい。
A30: 2024年度 勘定科目一覧 ※詳細は会計マニュアルを参照すること
A31: 【収益の部】
A32: 科目 | B32: 細 目 | C32: 勘定科目の内容説明
A33: 登録料収益 | C33: 事業参加者の会費
A34: 寄付金収益 | C34: 企業・団体・個人からの事業に対する寄付金
A35: 補助金 | B35: 国庫補助金 | C35: 国から事業に対する補助金
B36: 地方公共団体補助金 | C36: 地方公共団体から事業に対する補助金
B37: 民間補助金 | C37: 団体から事業に対する補助金
A38: 助成金 | B38: 国庫助成金 | C38: 国より支出される事業委託金
B39: 地方公共団体助成金 | C39: 地方公共団体より支出される事業委託金
B40: 民間助成金 | C40: 団体より支出される事業委託金
A41: 広告料収益 | C41: 新聞、プログラム等に掲載する広告協賛金
A42: 販売収益 | C42: 物品等の販売による収入
A43: 事業繰入金 | C43: 一般会計の事業費からの繰入金
A44: 雑収益 | C44: 預金利息
A45: 【費用の部】
A46: 科目 | B46: 細 目 | C46: 勘定科目の内容説明
A47: 会場設営費 | B47: 会場費 | C47: 事業、大会等の会場使用料
B48: 設営費 | C48: 会場の舞台装置及び関連設備の費用
B49: レンタル料 | C49: 機材等のレンタル料
B50: 運送費 | C50: 機材等の運搬料
B51: 人件費 | C51: 会場設営に関わる業者人件費
B52: 食事代 | C52: 会場設営に関わるボランティア等の食事代
A53: 企画・演出費 | B53: 企画費 | C53: 事業、大会等の企画費
B54: 演出費 | C54: 事業、大会等の演出費
B55: 人件費 | C55: アルバイト、通訳、アドバイザ-等の人件費
B56: 旅費交通費 | C56: 企画・演出に伴う旅費交通費
B57: 消耗品費 | C57: 企画・演出に伴う消耗品費
B58: 食事代 | C58: 企画・演出に伴うボランティア等の食事代
A59: 本部団関係費 | B59: 会場費 | C59: 本部団の会場使用料
B60: 設営費 | C60: 本部団の設営機材等の費用
B61: レンタル料 | C61: 本部団の機材等のレンタル料
B62: 運送費 | C62: 本部団機材の運搬費
B63: 人件費 | C63: 事務職員、医師・看護婦等の給与及び謝礼金
B64: 旅費交通費 | C64: 本部団運営に伴う旅費交通費
B65: 保険料 | C65: 本部団運営に伴う保険料
B66: 食事代 | C66: 本部団におけるボランティア等の食事代
B67: 通信費 | C67: 本部団における通信費
B68: 消耗品費 | C68: 本部団における事務消耗品費
B69: 渉外費 | C69: 渉外活動に関する記念品及び役員等の接遇に関する費用
A70: 講師関係費 | B70: 諸謝金 | C70: 講師等に支払った支払金で源泉徴収税を含む費用。記念品との併用不可
B71: 記念品代 | C71: 講師等に謝礼として渡した記念品（土産）
B72: 交通費 | C72: 講師等に支払った交通費
B73: 宿泊費 | C73: 講師等に支払った宿泊費
B74: 保険料 | C74: 講師等に伴う保険料
B75: 食事代 | C75: 講師等に対する飲食費用
A76: 広報費 | B76: 会場費 | C76: 広報活動を行うための会場使用料
B77: 設営費 | C77: 広報活動を行うための設営機材等の費用
B78: レンタル料 | C78: 広報活動を行うための機材等のレンタル料
B79: 運営費 | C79: 広報活動に関する企画費用・人件費
B80: 作成費 | C80: 招待状・案内状・ポスタ-・チラシ・広報ビデオ等の作成印刷費
B81: ＰＲ費 | C81: 新聞・雑誌等の掲載料、および看板等の事業広報のための費用
B82: 通信費 | C82: 招待状・案内状等の送付費用
B83: 消耗品費 | C83: 封筒代等広報に関する消耗品
A84: 資料作成費 | B84: 資料費 | C84: 資料に使用のため購入した資料費用
B85: 作成費 | C85: ビデオ・イラスト・当日配布資料・アンケ-ト等の作成印刷費用
B86: レンタル料 | C86: 資料作成に関する機材レンタル料
B87: 通信費 | C87: 資料の事前の送付費用・運搬費用
B88: 消耗品費 | C88: テ-プ・フィルム等資料作成の消耗品
A89: 報告書作成費 | B89: 作成費 | C89: 報告書・ビデオ等の作成・印刷費（写真・翻訳料・デザイン料等含む）
B90: レンタル料 | C90: 報告書作成に関する機材レンタル料
B91: 通信費 | C91: 報告書等の送付費用・運搬費用
B92: 消耗品費 | C92: テ-プ・フィルム等報告書作成の消耗品
A93: 渉外費 | B93: 役員渉外費 | C93: 対外役員等の接遇に関する費用
B94: 記念品代 | C94: 渉外活動に関する記念品（土産代も含む）
A95: 旅費交通費 | B95: 交通費 | C95: 事業・セミナ-等を行うために要した交通費
B96: 宿泊費 | C96: 事業・セミナ-等に行うために要した宿泊費
B97: 旅費 | C97: 事業・セミナ-等に行うために要した旅費
A98: 参加記念品費 | C98: 事業参加者に渡す記念品
A99: 保険料 | C99: 事業に関わる損害保険料等
A100: 通信費 | C100: 上記以外の通信費
A101: 雑費 | C101: 性質上他の勘定科目に含まれないもの 振込手数料等
A102: 予備費 | C102: 全ての事業につき総予算の5%以内としてください。（子議案は0%）

Sheet 委員会年間事業予算管理表(様式1)
I1: ［ 様式1 ］
I2: 2025年 月 日
I3: ver.〇〇
D6: 委員会年間事業予算管理表
B8: 委員会年間総事業費 | E8: ￥ | F8: =SUM(I20) -> 0
B9: 年間事業繰入金予定額 | E9: ￥ | F9: =SUM(G20) -> 0
E10: ※ 変更がある場合は、修正し財審に提出すること
B11: 事業開始日 | C11: 事業終了日 | D11: 事 業 名 称 | G11: 事業繰入金 予定額 | H11: 外部資金 予定額 （登録料等） | I11: 収益計 (事業繰入金 ＋外部資金)
I12: =SUM(G12:H12) -> 0
I13: =SUM(G13:H13) -> 0
I14: =SUM(G14:H14) -> 0
I15: =SUM(G15:H15) -> 0
I16: =SUM(G16:H16) -> 0
I17: =SUM(G17:H17) -> 0
I18: =SUM(G18:H18) -> 0
I19: =SUM(G19:H19) -> 0
C20: 合 計 | G20: =SUM(G12:G19) -> 0 | H20: =SUM(H12:H19) -> 0 | I20: =SUM(G20:H20) -> 0

Sheet 収支予算書(様式2)
F1: [様式2]
A2: 事 業 計 画 収 支 予 算 書
B4: ='収益・費用明細書(様式3)'!$B$2 -> 事業名称：
F5: （単位 ： 円）
B6: 項 目 | C6: 予 算 額 | D6: 前年度予算額 | E6: 前年度決算額 | F6: 摘 要
B7: （収 益 の 部）
A8: 1 | B8: 登 録 料 収 益 | C8: =IFERROR(VLOOKUP(B8,'収益・費用明細書(様式3)'!$D$6:$G$15,4,FALSE),0) -> 0 | D8: 0 | E8: 0
A9: 2 | B9: 寄 付 金 収 益 | C9: =IFERROR(VLOOKUP(B9,'収益・費用明細書(様式3)'!$D$6:$G$15,4,FALSE),0) -> 0 | D9: 0 | E9: 0
A10: 3 | B10: 補 助 金 | C10: =IFERROR(VLOOKUP(B10,'収益・費用明細書(様式3)'!$D$6:$G$15,4,FALSE),0) -> 0 | D10: 0 | E10: 0
A11: 4 | B11: 助 成 金 | C11: =IFERROR(VLOOKUP(B11,'収益・費用明細書(様式3)'!$D$6:$G$15,4,FALSE),0) -> 0 | D11: 0 | E11: 0
A12: 5 | B12: 広 告 料 収 益 | C12: =IFERROR(VLOOKUP(B12,'収益・費用明細書(様式3)'!$D$6:$G$15,4,FALSE),0) -> 0 | D12: 0 | E12: 0
A13: 6 | B13: 販 売 収 益 | C13: =IFERROR(VLOOKUP(B13,'収益・費用明細書(様式3)'!$D$6:$G$15,4,FALSE),0) -> 0 | D13: 0 | E13: 0
A14: 7 | B14: 事 業 繰 入 金 | C14: =IFERROR(VLOOKUP(B14,'収益・費用明細書(様式3)'!$D$6:$G$15,4,FALSE),0) -> 0 | D14: 0 | E14: 0
A15: 8 | B15: 雑 収 益 | C15: =IFERROR(VLOOKUP(B15,'収益・費用明細書(様式3)'!$D$6:$G$15,4,FALSE),0) -> 0 | D15: 0 | E15: 0
B16: 収益計 | C16: =SUM(C8:C15) -> 0 | D16: =SUM(D8:D15) -> 0 | E16: 0
B17: （費用の部）
A18: 1 | B18: 会場設営費 | C18: {=IFERROR(INDEX('収益・費用明細書(様式3)'!$D$1:$G$3000,MATCH('収支予算書(様式2)'!B18&" 小 計",'収益・費用明細書(様式3)'!$D$1:$D$3000&'収益・費用明細書(様式3)'!$F$1:$F$3000,0),4),0)} -> 0 | D18: 0 | E18: 0
A19: 2 | B19: 企画・演出費 | C19: {=IFERROR(INDEX('収益・費用明細書(様式3)'!$D$1:$G$3000,MATCH('収支予算書(様式2)'!B19&" 小 計",'収益・費用明細書(様式3)'!$D$1:$D$3000&'収益・費用明細書(様式3)'!$F$1:$F$3000,0),4),0)} -> 0 | D19: 0 | E19: 0
A20: 3 | B20: 本部団関係費 | C20: {=IFERROR(INDEX('収益・費用明細書(様式3)'!$D$1:$G$3000,MATCH('収支予算書(様式2)'!B20&" 小 計",'収益・費用明細書(様式3)'!$D$1:$D$3000&'収益・費用明細書(様式3)'!$F$1:$F$3000,0),4),0)} -> 0 | D20: 0 | E20: 0
A21: 4 | B21: 講師関係費 | C21: {=IFERROR(INDEX('収益・費用明細書(様式3)'!$D$1:$G$3000,MATCH('収支予算書(様式2)'!B21&" 小 計",'収益・費用明細書(様式3)'!$D$1:$D$3000&'収益・費用明細書(様式3)'!$F$1:$F$3000,0),4),0)} -> 0 | D21: 0 | E21: 0
A22: 5 | B22: 広報費 | C22: {=IFERROR(INDEX('収益・費用明細書(様式3)'!$D$1:$G$3000,MATCH('収支予算書(様式2)'!B22&" 小 計",'収益・費用明細書(様式3)'!$D$1:$D$3000&'収益・費用明細書(様式3)'!$F$1:$F$3000,0),4),0)} -> 0 | D22: 0 | E22: 0
A23: 6 | B23: 資料作成費 | C23: {=IFERROR(INDEX('収益・費用明細書(様式3)'!$D$1:$G$3000,MATCH('収支予算書(様式2)'!B23&" 小 計",'収益・費用明細書(様式3)'!$D$1:$D$3000&'収益・費用明細書(様式3)'!$F$1:$F$3000,0),4),0)} -> 0 | D23: 0 | E23: 0
A24: 7 | B24: 報告書作成費 | C24: {=IFERROR(INDEX('収益・費用明細書(様式3)'!$D$1:$G$3000,MATCH('収支予算書(様式2)'!B24&" 小 計",'収益・費用明細書(様式3)'!$D$1:$D$3000&'収益・費用明細書(様式3)'!$F$1:$F$3000,0),4),0)} -> 0 | D24: 0 | E24: 0
A25: 8 | B25: 渉外費 | C25: {=IFERROR(INDEX('収益・費用明細書(様式3)'!$D$1:$G$3000,MATCH('収支予算書(様式2)'!B25&" 小 計",'収益・費用明細書(様式3)'!$D$1:$D$3000&'収益・費用明細書(様式3)'!$F$1:$F$3000,0),4),0)} -> 0 | D25: 0 | E25: 0
A26: 9 | B26: 旅費交通費 | C26: {=IFERROR(INDEX('収益・費用明細書(様式3)'!$D$1:$G$3000,MATCH('収支予算書(様式2)'!B26&" 小 計",'収益・費用明細書(様式3)'!$D$1:$D$3000&'収益・費用明細書(様式3)'!$F$1:$F$3000,0),4),0)} -> 0 | D26: 0 | E26: 0
A27: 10 | B27: 参加記念品費 | C27: {=IFERROR(INDEX('収益・費用明細書(様式3)'!$D$1:$G$3000,MATCH('収支予算書(様式2)'!B27&" 小 計",'収益・費用明細書(様式3)'!$D$1:$D$3000&'収益・費用明細書(様式3)'!$F$1:$F$3000,0),4),0)} -> 0 | D27: 0 | E27: 0
A28: 11 | B28: 保険料 | C28: {=IFERROR(INDEX('収益・費用明細書(様式3)'!$D$1:$G$3000,MATCH('収支予算書(様式2)'!B28&" 小 計",'収益・費用明細書(様式3)'!$D$1:$D$3000&'収益・費用明細書(様式3)'!$F$1:$F$3000,0),4),0)} -> 0 | D28: 0 | E28: 0
A29: 12 | B29: 通信費 | C29: {=IFERROR(INDEX('収益・費用明細書(様式3)'!$D$1:$G$3000,MATCH('収支予算書(様式2)'!B29&" 小 計",'収益・費用明細書(様式3)'!$D$1:$D$3000&'収益・費用明細書(様式3)'!$F$1:$F$3000,0),4),0)} -> 0 | D29: 0 | E29: 0
A30: 13 | B30: 雑費 | C30: {=IFERROR(INDEX('収益・費用明細書(様式3)'!$D$1:$G$3000,MATCH('収支予算書(様式2)'!B30&" 小 計",'収益・費用明細書(様式3)'!$D$1:$D$3000&'収益・費用明細書(様式3)'!$F$1:$F$3000,0),4),0)} -> 0 | D30: 0 | E30: 0
A31: 14 | B31: 予備費 | C31: {=IFERROR(INDEX('収益・費用明細書(様式3)'!$D$1:$G$3000,MATCH('収支予算書(様式2)'!B31&" 小 計",'収益・費用明細書(様式3)'!$D$1:$D$3000&'収益・費用明細書(様式3)'!$F$1:$F$3000,0),4),0)} -> 0 | D31: 0 | E31: 0 | F31: =ROUNDDOWN(IFERROR(C31/C32, ""),4) -> 0
B32: 支出計 | C32: =SUM(C18:C31) -> 0 | D32: =SUM(D18:D31) -> 0 | E32: =SUM(E18:E31) -> 0
B33: 収支差額 | C33: =C16-C32 -> 0 | D33: =D16-D32 -> 0 | E33: =E16-E32 -> 0

Sheet 収益・費用明細書(様式3)
D1: [様式3]
B2: 事業名称：
A4: （ 収 益 明 細 書 ） | H4: （単位：円）
A5: 科 目 | E5: 細 目 | F5: 摘 要 | G5: 金 額 | H5: No
A6: ( | B6: 1 | C6: ) | D6: =IF(B6="","括弧内に様式2の項目番号を入れてください",VLOOKUP(B6,'収支予算書(様式2)'!$A$8:$B$15,2,FALSE)) -> 登 録 料 収 益 | G6: 0
A7: ( | C7: ) | D7: =IF(B7="","括弧内に様式2の項目番号を入れてください",VLOOKUP(B7,'収支予算書(様式2)'!$A$8:$B$15,2,FALSE)) -> 括弧内に様式2の項目番号を入れてください | G7: 0
A8: ( | C8: ) | D8: =IF(B8="","括弧内に様式2の項目番号を入れてください",VLOOKUP(B8,'収支予算書(様式2)'!$A$8:$B$15,2,FALSE)) -> 括弧内に様式2の項目番号を入れてください | G8: 0
A9: ( | C9: ) | D9: =IF(B9="","括弧内に様式2の項目番号を入れてください",VLOOKUP(B9,'収支予算書(様式2)'!$A$8:$B$15,2,FALSE)) -> 括弧内に様式2の項目番号を入れてください | G9: 0
A10: 合 計 | G10: =SUM(G6:G9) -> 0
A14: （ 費 用 明 細 書 ） | H14: （単位：円）
A15: 科 目 | E15: 細 目 | F15: 摘 要 | G15: 金 額 | H15: No
A16: ( | B16: 1 | C16: ) | D16: =IF(B16="","括弧内に様式2の項目番号を入れてください",VLOOKUP(B16,'収支予算書(様式2)'!$A$18:$B$31,2,FALSE)) -> 会場設営費 | G16: 0
D17: =D16 -> 会場設営費 | G17: 0
D18: =D16 -> 会場設営費 | G18: 0
D19: =D16 -> 会場設営費 | F19: 小 計 | G19: =SUM(G16:G18) -> 0
A20: ( | C20: ) | D20: =IF(B20="","括弧内に様式2の項目番号を入れてください",VLOOKUP(B20,'収支予算書(様式2)'!$A$18:$B$31,2,FALSE)) -> 括弧内に様式2の項目番号を入れてください | G20: 0
D21: =D20 -> 括弧内に様式2の項目番号を入れてください | G21: 0
D22: =D20 -> 括弧内に様式2の項目番号を入れてください | G22: 0
D23: =D20 -> 括弧内に様式2の項目番号を入れてください | F23: 小 計 | G23: =SUM(G20:G22) -> 0
A24: ( | C24: ) | D24: =IF(B24="","括弧内に様式2の項目番号を入れてください",VLOOKUP(B24,'収支予算書(様式2)'!$A$18:$B$31,2,FALSE)) -> 括弧内に様式2の項目番号を入れてください | G24: 0
D25: =D24 -> 括弧内に様式2の項目番号を入れてください | G25: 0
D26: =D24 -> 括弧内に様式2の項目番号を入れてください | G26: 0
D27: =D24 -> 括弧内に様式2の項目番号を入れてください | F27: 小 計 | G27: =SUM(G24:G26) -> 0
A28: ( | C28: ) | D28: =IF(B28="","括弧内に様式2の項目番号を入れてください",VLOOKUP(B28,'収支予算書(様式2)'!$A$18:$B$31,2,FALSE)) -> 括弧内に様式2の項目番号を入れてください | G28: 0
D29: =D28 -> 括弧内に様式2の項目番号を入れてください | G29: 0
D30: =D28 -> 括弧内に様式2の項目番号を入れてください | G30: 0
D31: =D28 -> 括弧内に様式2の項目番号を入れてください | F31: 小 計 | G31: =SUM(G28:G30) -> 0
A32: ( | B32: 14 | C32: ) | D32: =IF(B32="","括弧内に様式2の項目番号を入れてください",VLOOKUP(B32,'収支予算書(様式2)'!$A$18:$B$31,2,FALSE)) -> 予備費 | F32: =ROUNDDOWN(IFERROR(G32/G34, ""),4) -> 0 | G32: 0
D33: =D32 -> 予備費 | F33: 小 計 | G33: =SUM(G32:G32) -> 0
F34: 合 計 | G34: =SUM(G33,G31,G27,G23,G19) -> 0

Sheet 見積（請求）企業一覧表(様式4)
L1: 〔様式4〕
B3: ='収益・費用明細書(様式3)'!$B$2 -> 事業名称：
A5: 採 用 企 業 | I5: 相 見 積 企 業
A6: =IF(A2="見積企業一覧表","見積№",IF(A2="請求企業一覧表","請求№","")) | B6: 企 業 名 | C6: 支払内容（科目・細目） | D6: 金 額 | E6: T番号（インボイス） | F6: 有効期限 | G6: =IF($A$2="請求企業一覧表","支払日","支払予定日") -> 支払予定日 | H6: =IF($A$2="請求企業一覧表","請求書種別","見積書種別") -> 見積書種別 | I6: 見積№ | J6: 企 業 名 | K6: 金額 | L6: T番号（インボイス）
D7: =IF($A$2="請求企業一覧表",SUMIF('収益・費用明細書(様式11)'!J:J,A7,'収益・費用明細書(様式11)'!H:H), IF('収益・費用明細書-修正・補正(様式15)'!$E$4<>"",SUMIF('収益・費用明細書-修正・補正(様式15)'!J:J,A7,'収益・費用明細書-修正・補正(様式15)'!G:G), SUMIF('収益・費用明細書(様式3)'!H:H,A7,'収益・費用明細書(様式3)'!G:G))) -> 0
D8: =IF($A$2="請求企業一覧表",SUMIF('収益・費用明細書(様式11)'!J:J,A8,'収益・費用明細書(様式11)'!H:H), IF('収益・費用明細書-修正・補正(様式15)'!$E$4<>"",SUMIF('収益・費用明細書-修正・補正(様式15)'!J:J,A8,'収益・費用明細書-修正・補正(様式15)'!G:G), SUMIF('収益・費用明細書(様式3)'!H:H,A8,'収益・費用明細書(様式3)'!G:G))) -> 0
D9: =IF($A$2="請求企業一覧表",SUMIF('収益・費用明細書(様式11)'!J:J,A9,'収益・費用明細書(様式11)'!H:H), IF('収益・費用明細書-修正・補正(様式15)'!$E$4<>"",SUMIF('収益・費用明細書-修正・補正(様式15)'!J:J,A9,'収益・費用明細書-修正・補正(様式15)'!G:G), SUMIF('収益・費用明細書(様式3)'!H:H,A9,'収益・費用明細書(様式3)'!G:G))) -> 0
D10: =IF($A$2="請求企業一覧表",SUMIF('収益・費用明細書(様式11)'!J:J,A10,'収益・費用明細書(様式11)'!H:H), IF('収益・費用明細書-修正・補正(様式15)'!$E$4<>"",SUMIF('収益・費用明細書-修正・補正(様式15)'!J:J,A10,'収益・費用明細書-修正・補正(様式15)'!G:G), SUMIF('収益・費用明細書(様式3)'!H:H,A10,'収益・費用明細書(様式3)'!G:G))) -> 0
D11: =IF($A$2="請求企業一覧表",SUMIF('収益・費用明細書(様式11)'!J:J,A11,'収益・費用明細書(様式11)'!H:H), IF('収益・費用明細書-修正・補正(様式15)'!$E$4<>"",SUMIF('収益・費用明細書-修正・補正(様式15)'!J:J,A11,'収益・費用明細書-修正・補正(様式15)'!G:G), SUMIF('収益・費用明細書(様式3)'!H:H,A11,'収益・費用明細書(様式3)'!G:G))) -> 0
D12: =IF($A$2="請求企業一覧表",SUMIF('収益・費用明細書(様式11)'!J:J,A12,'収益・費用明細書(様式11)'!H:H), IF('収益・費用明細書-修正・補正(様式15)'!$E$4<>"",SUMIF('収益・費用明細書-修正・補正(様式15)'!J:J,A12,'収益・費用明細書-修正・補正(様式15)'!G:G), SUMIF('収益・費用明細書(様式3)'!H:H,A12,'収益・費用明細書(様式3)'!G:G))) -> 0
D13: =IF($A$2="請求企業一覧表",SUMIF('収益・費用明細書(様式11)'!J:J,A13,'収益・費用明細書(様式11)'!H:H), IF('収益・費用明細書-修正・補正(様式15)'!$E$4<>"",SUMIF('収益・費用明細書-修正・補正(様式15)'!J:J,A13,'収益・費用明細書-修正・補正(様式15)'!G:G), SUMIF('収益・費用明細書(様式3)'!H:H,A13,'収益・費用明細書(様式3)'!G:G))) -> 0
D14: =IF($A$2="請求企業一覧表",SUMIF('収益・費用明細書(様式11)'!J:J,A14,'収益・費用明細書(様式11)'!H:H), IF('収益・費用明細書-修正・補正(様式15)'!$E$4<>"",SUMIF('収益・費用明細書-修正・補正(様式15)'!J:J,A14,'収益・費用明細書-修正・補正(様式15)'!G:G), SUMIF('収益・費用明細書(様式3)'!H:H,A14,'収益・費用明細書(様式3)'!G:G))) -> 0
D15: =IF($A$2="請求企業一覧表",SUMIF('収益・費用明細書(様式11)'!J:J,A15,'収益・費用明細書(様式11)'!H:H), IF('収益・費用明細書-修正・補正(様式15)'!$E$4<>"",SUMIF('収益・費用明細書-修正・補正(様式15)'!J:J,A15,'収益・費用明細書-修正・補正(様式15)'!G:G), SUMIF('収益・費用明細書(様式3)'!H:H,A15,'収益・費用明細書(様式3)'!G:G))) -> 0
D16: =IF($A$2="請求企業一覧表",SUMIF('収益・費用明細書(様式11)'!J:J,A16,'収益・費用明細書(様式11)'!H:H), IF('収益・費用明細書-修正・補正(様式15)'!$E$4<>"",SUMIF('収益・費用明細書-修正・補正(様式15)'!J:J,A16,'収益・費用明細書-修正・補正(様式15)'!G:G), SUMIF('収益・費用明細書(様式3)'!H:H,A16,'収益・費用明細書(様式3)'!G:G))) -> 0
D17: =IF($A$2="請求企業一覧表",SUMIF('収益・費用明細書(様式11)'!J:J,A17,'収益・費用明細書(様式11)'!H:H), IF('収益・費用明細書-修正・補正(様式15)'!$E$4<>"",SUMIF('収益・費用明細書-修正・補正(様式15)'!J:J,A17,'収益・費用明細書-修正・補正(様式15)'!G:G), SUMIF('収益・費用明細書(様式3)'!H:H,A17,'収益・費用明細書(様式3)'!G:G))) -> 0
D18: =IF($A$2="請求企業一覧表",SUMIF('収益・費用明細書(様式11)'!J:J,A18,'収益・費用明細書(様式11)'!H:H), IF('収益・費用明細書-修正・補正(様式15)'!$E$4<>"",SUMIF('収益・費用明細書-修正・補正(様式15)'!J:J,A18,'収益・費用明細書-修正・補正(様式15)'!G:G), SUMIF('収益・費用明細書(様式3)'!H:H,A18,'収益・費用明細書(様式3)'!G:G))) -> 0
... D25: =IF($A$2="請求企業一覧表",SUMIF('収益・費用明細書(様式11)'!J:J,A25,'収益・費用明細書(様式11)'!H:H), IF('収益・費用明細書-修正・補正(様式15)'!$E$4<>"",SUMIF('収益・費用明細書-修正・補正(様式15)'!J:J,A25,'収益・費用明細書-修正・補正(様式15)'!G:G), SUMIF('収益・費用明細書(様式3)'!H:H,A25,'収益・費用明細書(様式3)'!G:G))) -> 0
C26: 合計金額 | D26: =SUM(D7:D25) -> 0
A27: ※不要な行は削除すること
A28: ※支払先が個人の場合は個人名を企業名欄に記載し、金額欄は源泉税込みの金額を記載すること
A29: ※見積書へ見積No.をまたは請求書へ請求No.を記載すること
A31: ※採用企業合計＋振込手数料＋予備費＝事業費合計になることを確認下さい。
A34: =IF(A2="見積企業一覧表","見積№",IF(A2="請求企業一覧表","請求№","")) | B34: 振込口座名義 | C34: 支払銀行・支店名 | D34: 口座種別 | E34: 口座番号 | F34: 振込手数料
D35: （普・当）
D36: （普・当）
D37: （普・当）
D38: （普・当）
D39: （普・当）
D40: （普・当）
D41: （普・当）
E42: 合計金額 | F42: =SUM(F35:F41) -> 0
A43: ※不要な行は削除すること

Sheet 講師等出演依頼承諾書(様式5)(規則様式6) 
B1: ※シ-ト内の「テキストボックス」は印刷されません
J2: ［財審様式5］
J3: ［規則様式6］ | M3: 謝礼金等内訳 金額入力欄
M4: 1.個人契約用（3.その他も含む）
B5: 公益社団法人日本青年会議所 | I5: 年 月 日 | M5: 1源泉所得税グロスアップ計算（手取額から支払金額を逆算する方法）
B6: 会議・委員会 宛 | M6: 差引手取支給額 | N6: 消費税込支払金額 | O6: 源泉所得税額
B7: (登録番号 T7010005015589） | J7: 印紙貼付欄 | N7: =IF(M7="","",IF(M7<897900,ROUNDDOWN(M7/89.79%,0),ROUNDDOWN((M7-102100)/79.58%,0))) | O7: =IF(M7="","",N7-M7)
B8: 講師等出演依頼承諾書
M9: 2支払金額から手取り額を計算する方法
B10: 公益社団法人日本青年会議所からの講演等の依頼について、日本青年会議所の理事会審議の可決を条件として、下記及び裏面記載の各条項を了知し、承諾いたします。 | M10: 消費税込支払金額 | N10: 差引手取支給額 | O10: 源泉所得税額
N11: =IF(M11="","",IF(M11<1000000,ROUNDUP(M11*89.79%,0),ROUNDUP(M11*79.58%+102100,0))) | O11: =IF(M11="","",M11-N11)
B13: 記 | M13: 2．法人契約用
B14: 事業名称： | M14: 消費税込支払金額
B15: 実施日： | E15: 年 月 日（ ）
B16: 時 間： | E16: ： ～ ： （ 分間）
B17: 場 所： | M17: 注！！
B18: 出演者： | H18: テ-マ［ ] | N18: 契約種別、計算方法に応じた欄に金額を記入してください。
B19: 出演者と契約者（本承諾者）との関係： | N19: 計算結果が謝礼金等内訳に自動的に反映されます。
B21: 講演等の形式： | E21: 1.講演 | M21: 貼付収入印紙一覧表
B22: 契約の種別： | E22: 1.個人契約 | M22: 支払金額 | N22: 印紙税額 | O22: 記載内容
M23: 未記載 | N23: 200円 | O23: 未記載
C24: 謝礼金等内訳 | M24: 0 | N24: 非課税 | O24: 0円及び無償
D25: ⅰ.謝礼金（消費税込支払金額） | G25: =IF(AND(M15="",N7="",M11=""),"",IF(OR(E22="1.個人契約",E22="3.その他(任意団体等）"),IF(M7="",M11,N7),M15)) | I25: 円)(税抜金額 | J25: =IF(G25=""," 円)",TEXT(G25-G26,"###,###")&"円）") -> 円) | M25: 1 | N25: 非課税 | O25: 1円以上
F26: （うち消費税 | G26: =IF(G25="","",ROUNDDOWN(G25/1.1*0.1,0)) | I26: 円）(税率10％) | M26: 10000 | N26: 200円 | O26: 1万円以上
F27: （源泉所得税 | G27: =IF(G25="","",IF(OR(E22="1.個人契約",E22="3.その他(任意団体等）"),IF(M7="",O11,O7),"")) | I27: 円 ※1） | M27: 1000000 | N27: 200円 | O27: 100万円以下
D28: 差引手取支給額 | F28: =IF(G27="",G25,G25-G27) | I28: 円 | M28: 1000001 | N28: 400円 | O28: 100万円超
M29: 2000000 | N29: 400円 | O29: 200万円以下
D30: ⅱ.交通費 | H30: ※2） | M30: 2000001 | N30: 1,000円 | O30: 200万円超
M31: 3000000 | N31: 1,000円 | O31: 300万円以下
D32: ⅲ.宿泊費 | H32: ※2） | M32: 3000001 | N32: 2,000円 | O32: 300万円超
M33: 5000000 | N33: 2,000円 | O33: 500万円以下
D34: ※1 個人契約の場合は原則として源泉所得税が適用となり、税金は差引きの上、日本JCから納付します。 | M34: ※印紙税額は、消費税課税前の金額にて算出します。
D35: ※2 講師の交通費、宿泊費を上記謝礼に含まない場合で本会計から交通費、宿泊費金を支出する場合は、必要な費用を、別途、講師関係費で予算計上してください。 | M35: ※謝礼金額が未記載の場合、課税対象になるため、
M36: 謝礼が0円(無償)の場合は必ず0円を記載してください。
M37: ※契約形態が個人で源泉が発生する場合にはマイナンバ-に関する書式
D38: 支払総額 | M38: (規則様式4別表)が必要となりますが、絶対にデ-タ化したり、参考資料
E39: =F28 | H39: 円（源泉所得税を除く謝礼＋実費立替） | M39: として議案書へ添付してはいけません。
M40: また、マイナンバ-取得後に、万が一、講師が変更になった場合は、
D41: お支払口座 | M41: 本会事務局において破棄して下さい。担当委員会は、本会事務局で
D42: ■ | E42: 金融機関名 | M42: 破棄されたことを確認して下さい。
D43: ■ | E43: 支店名
D44: ■ | E44: 普通 | G44: ■口座番号
D45: ■ | E45: 口座名義人
D46: ■ | E46: 口座名義人フリガナ
C48: 支払予定日 | E48: 年 月 日
C51: 注1 | D51: 本件出演依頼に際し、公益社団法人日本青年会議所において作成した下記成果物の権利については、公益社団法人日本青年会議所に帰属するものとしてその利用を承諾致します。
C53: -1 | D53: 講演等出演に関する事前広報について、新聞、テレビ、ラジオ等の各種広告媒体並びに公益社団法人 日本青年会議所ホ-ムペ-ジ及び広報誌への指定を受けた写真の掲載 及び講演要旨、講師プロフィ-ルの掲載
C56: -2 | D56: 講演中の講師の写真撮影
J57: （裏面に続く）
J59: ［財審様式5］
C60: 講師等出演依頼承諾書 裏面 | J60: ［規則様式6］
B62: -3 | C62: 講演の録音、録画、及び他会場への同時中継、並びに公益社団法人日本青年会議所ホ-ムペ-ジ他、インタ-ネットを利用した同時無償配信（但し、公益社団法人日本青年会議所が指定した者の利用も含む事とします）
B64: -4 | C64: 講演内容の文章化、または要旨の作成
B65: -5 | C65: 文章化済み講演、要旨作成済み講演、または講師が講演にて自ら使用した資料、その他講演中撮影された写真につき、広報誌への掲載、複製、または貸与
B67: -6 | C67: 前項（5）につき、公益社団法人日本青年会議所ホ-ムペ-ジ他、インタ-ネットを利用した無償配信（但し、公益社団法人日本青年会議所が指定した者の利用も含む事とします）
B69: -7 | C69: 録音・録画済みの講演（以下、単に録画物とする）、講師が講演にて自ら使用した資料、その他講演中に撮影された写真の複製、及び無償での貸与
B71: -8 | C71: 録画物の無償上映、及び出演者が講演にて自ら使用した資料の視聴者あての複製、配布
B72: -9 | C72: 録画物、出演者が講演等にて自ら使用した資料、及び講演等で撮影した画像・動画につき、公益社団法人日本青年会議所ホ-ムペ-ジ他、インタ-ネットを利用した無償配信（ただし、公益社団法人日本青年会議所が指定した者の利用も含む事とします）
B75: -10 | C75: 公益社団法人日本青年会議所ホ-ムペ-ジ他、インタ-ネットを利用した各種配信につき、この配信期間については、2年間の配信とします。ただし、期間満了後、出演者（契約者）より申し出がない限り、公益社団法人日本青年会議所ホ-ムペ-ジ他、インタ-ネットを利用した配信を終了するまでの間、継続して公開することに異議ありません。
B79: 注2 | C79: 出演者が講演等で使用した資料のみを利用する場合（文章化したもの、録音・録画、または録画物とあわせて利用しない場合）は、注1の規定と異なり、別途許諾を得るものとします。また、類型のなき利用態様については別途協議の上、利用の可否・対価等につき決するものとします。
B83: 注3 | C83: 公益社団法人日本青年会議所（インタ-ネットを利用する配信の場合は、公益社団法人日本青年会議所の指定する者も含む）が、講演等の文章化・要旨の作成等を行うときには、事前に内容確認を行うものとします。なお、上記（3）中の公益社団法人日本青年会議所が指定した者は下記のとおりとします。
D86: X(旧Twitter) (https://twitter.com/) | H86: LINE (https://line.me/ja/)
D87: Facebook (https://www.facebook.com/) | H87: e-みらせん (https://e-mirasen.jp/)
D88: YouTube (https://www.youtube.com/) | H88: ニコニコ生放送 (https://live.nicovideo.jp/)
D89: Ustream (https://www.ustream.tv/) | H89: Instagram （https://www.instagram.com/）
B91: 注4 | C91: 本件、出演依頼の内諾にあたり、講演の内容が第三者の著作権、その他第三者の権利を侵害するものでないことを保証します。また、第三者が著作権等を有する著作物等を講演において使用する場合は、事前にその内容を明らかにし、講師において当該許諾者の許諾を受けた上で講演を行うものとします。
B95: 注5 | C95: 源泉所得税発生時、税務書類作成事務の為、契約者は公益社団法人日本青年会議所へマイナンバ-を提供するとともに、公益社団法人日本青年会議所は、取得したマイナンバ-を適切に管理・保管・破棄し、税務書類作成事務以外に使用しないものとします。また、マイナンバ-取得後に、講師が変更になった場合は、本会事務局において様式4別表を破棄させていただきます。
B99: 注6 | C99: 講師より提供された個人情報については、公益社団法人日本青年会議所個人情報管理規程により、厳格に管理願います。
B102: 注7 | C102: 本承諾書記載の事業実施日30日前を経過後の貴団体都合によるキャンセルの場合は、謝礼金の10％相当額（源泉所得税額・消費税額を除く）を違約金として申し受けます。
B105: 注8 | C105: 当事者双方の責めに帰することができない事由（新型コロナウイルス感染拡大防止のための開催自粛を含む）によって依頼した講演等が実施できなくなったとき又は履行が中途で終了したときには、次の各号に掲げる場合の区分に応じ、それぞれ当該各号に定める割合を謝礼金の金額（源泉所得税及び消費税額を除く）に乗じた額をお支払いします（小数点以下の金額については切り捨てにて計算させていただきます）。
C108: （1） | D108: 事業実施日61日前まで | G108: 0割
C109: （2） | D109: 事業実施日60日前から31日前 | G109: 1割5分
C110: （3） | D110: 事業実施日30日前から7日前 | G110: 3割
C111: （4） | D111: 事業実施日6日前から事業当日 | G111: 10割
B113: 注9 | C113: 契約者（本承諾者）と出演者が異なる場合、契約者は本承諾書面の内容を出演者に通知します。
B115: 注10 | C115: 同意できない条項又は内容の変更がある場合は、二重線で削除のうえ、訂正印を押印ください。
B117: 契約者
B118: 住所 | I118: ※捨印
B120: 署名捺印 | G120: 印
B122: （登録番号 | G122: ）

Sheet 報酬明細(様式6）
G1: [様式6]
B2: ＜源泉所得税預り金報酬明細書＞
B4: ='収支予算書(様式2)'!$B$4 -> 事業名称：
B6: 項 目 区 分 | D6: 支 払 先 | E6: 報 酬 金 額 | H6: No.
B7: 科 目 | C7: 細 目 | E7: 支払総額 | F7: 源泉所得税額 | G7: 差引支給額
G8: =E8-F8 -> 0
G9: =E9-F9 -> 0
G10: =E10-F10 -> 0
G11: =E11-F11 -> 0
B12: 合 計 | E12: =SUM(E8:E11) -> 0 | F12: =SUM(F8:F11) -> 0 | G12: =SUM(G8:G11) -> 0
B13: 不要な行は削除してください。
B14: 会計マニュアルの「源泉徴収税額表」を参照してください
D16: 源泉所得税＝支給額-手取額
B18: 源泉所得税の取扱いについて
B19: 日本JCが個人等に支払う報酬に対しては源泉徴収が必要です。
A20: 1.源泉所得税の支払先別の取扱い
B21: 1）個人（外国人を除く）への支払い ※ ㈱・㈲ 等の法人格がない個人事業者を含む
B22: ア）講師、臨時事務員、アルバイト、デザイナ-等個人に支払う場合
B23: イ）懇親会等の芸能人等へ支払う場合
B24: ※源泉徴収税額（合計税額）は，同一人物に対する1回の支払金額が100万円以下の場合10.21%
B25: （=10%×102.1%),100万円超える場合の超える部分は20.42%（=20%×102.1%）
B26: となります。源泉徴収税額表を参照ください。
B27: 2）外国人への支払い
B28: ア）講師、通訳等個人への支払いのうち、外国人に対する支払いは、原則として、20.42%の源泉徴収
B29: イ）外国人のうち、日本国内に継続して1年以上居住した人、又は1年以上居住することを必要とする職業を有する場合には、日本国居住者とみなされるので、10.21%の源泉徴収
B30: ウ）租税条約で扱いが異なりますので、詳しくは財政審査会議又は日本JC事務局経理へお問い合わせください。
A32: 2.源泉所得税納付及び徴収手順
B33: A.日本JC本会の事業の場合
B34: 源泉所得税は、日本JC事務局経理が納付します。
B35: 1）日本JC事務局経理では、事業費支払申請書［様式31］の内容に基づき、該当事業口座から相手方口座に 報酬の手取額を支払うと同時に、源泉所得税額を日本JC本会計口座へ振替えた後、翌月10日に納付いたします。
B36: B.地区・ブロック協議会の場合
B37: 源泉所得税は、各協議会ごとに納付していただきます。
B38: 1）納付に際しては、源泉所得税納付報告書［様式54］をご参考の上、お近くの税務署で報酬用の納付書を入手して頂き、 ご記入下さい。
B39: 2）各協議会は、相手方口座に報酬の手取額を支払うと同時に、源泉所得税額を翌月10日迄に上述の納付書を添えて 金融機関で納付して頂きます。
B40: 3）納付後、速やかに源泉所得税納付報告書［様式54］を日本JC事務局経理宛にFAＸ(03-3234-7183)でご報告下さい。
A42: 3.源泉徴収の注意事項
B43: 1 現金で支給する交通費（お車代）や宿泊費、高額な物品、現金に交換可能な物品（商品券等）に対しても源泉所得税が必要となります。その際、講師出演依頼に伴うマイナンバ-提出について[財審様式6別表]を用いて、マイナンバ-を先方から取得し、事務局に連絡してください。
B44: 2 交通費や宿泊費は、現金で支給することは極力避け、実際に必要な額をチケットやク-ポンでお支払いさせていただくように調整して下さい。
B45: 3 契約時点（見積りの時点）で支払報酬金額が源泉込額なのか、手取額なのかを確認をすることがトラブルを避けるために必要です。
B46: 4 平成25年1月から25年間で生ずる所得について源泉徴収する際には，所得税の2.1％相当分である復興特別所得税を併せて 徴収しなければなりません（復興財源確保法28）

Sheet 協賛金収入・物品協賛内訳書(様式7)
J1: [様式7］
A3: 広告協賛金収入・物品協賛・寄付内訳書
A5: ='収支予算書(様式2)'!$B$4 -> 事業名称：
G7: ○○ | J7: 会議・委員会
A9: 団体（企業） | D9: 担当部署名 | E9: 広告協賛・物品協賛・寄付の別 | F9: 金額 | G9: 物品 | H9: 過去の 実績 | I9: 摘要 | J9: 入金日
A10: 1 | H10: 有・無
A11: 2 | H11: 有・無
A12: 3 | H12: 有・無
A13: 4 | H13: 有・無
A14: 5 | H14: 有・無
A15: 6 | H15: 有・無
A16: 7 | H16: 有・無
A17: 8 | H17: 有・無
A18: 9 | H18: 有・無
A19: 10 | H19: 有・無
D20: 計 | F20: =SUM(F10:F19) -> 0
A22: （注）1．前期まで実績のある企業は、実績欄の有に○印を付け、摘要欄に過去の
A23: 実績を記入してください。
A24: 2．物品内容については、内容を協賛物品に記入してください。
A25: 3．不要な行は削除してください。
A27: 会議・委員会の協賛金の窓口担当者連絡先
A29: 氏 名 | F29: 委員会役職
A30: 勤務先 | F30: 勤務先役職
A31: 住 所
A32: 電 話 | F32: FAX

Sheet 協賛に関する覚書(様式8)
A3: 広 告 協 賛 に 関 す る 覚 書
J4: 収入 印紙
A5: ='収支予算書(様式2)'!$B$4 -> 事業名称：
A7: ＿＿＿＿＿＿＿＿＿＿（以下「甲」という）は、公益社団法人 日本青年会議所（以下「乙」という）に対して、乙の行う下記の事業活動等につき、下記条件で協賛する事を確約し、甲乙間において本覚書を締結する。
A9: 1.（事業・活動の内容）
A12: 2.（協賛内容）
A13: 1 協 賛 期 間 ： | C13: 自 2025年 月 日
C14: 至 2025年 月 日
A15: 2 協 賛 金 ： | C15: 総額 金 | E15: 円 | F15: =IF(D15="","(消費税率10% 税抜額 円 税額 円)","(消費税率10% 税抜額"&TEXT(ROUNDUP(D15/1.1,0),"###,###")&"円 税額"&TEXT(D15-ROUNDUP(D15/1.1,0),"###,###")&"円)") -> (消費税率10% 税抜額 円 税額 円)
A16: 支 払 方 法 ： | C16: 1 一括 2 分割
C17: 1 一括の場合 2025年 月 日までに
D18: 下記銀行口座宛支払う。
C19: 2 分割の場合（別紙のとおりの条件で）
D20: 下記口座宛支払う。
A21: 口 座 ： | C21: 三井住友銀行 麹町支店
C22: 普通口座 8942634 公益社団法人 日本青年会議所 外部資金受入口
A24: 3 そ の 他 ： | C24: ●●●●●●●●●●●●（協賛方法がある場合は協賛方法を記載）
A26: 3.（中間報告）
A27: 甲は、甲において必要があると認められた場合には、乙に対して、事業・活動等の進行状況等に関する報告を求めることができる。
A30: 4.（報告書の提出）
A31: 乙は、甲に対して、事業・活動等の成果を取りまとめた報告書及び会計報告書を、2025年 月 日又は事業・活動等の完了日から ヶ月以内に提出しなければならない。
A35: 5.（協 議）
A36: 本覚書に記載のない事項又は本覚書の各項に疑義が生じた場合は、甲・乙両者誠意をもって協議し処理解決をする。
A40: 以上を証するため本覚書を2通を作成し、甲乙各1通保有する。
A43: 2025年 月 日
A45: （甲）
H47: 印
A49: （乙） | D49: 東京都千代田区平河町2丁目14番3号
D50: 公益社団法人 日本青年会議所
D51: 会 頭 外口 真大 | H51: 印
D52: (登録番号 T7010005015589）

Sheet 寄付申出書(様式9)
A2: 寄付申出書
I4: 2025年 月 日
A7: 公益社団法人日本青年会議所
A8: 会頭 外口 真大 様
A9: (登録番号 T7010005015589）
F11: ［企業・団体名］
F12: ○○○○株式会社
F13: 代表取締役 ○○ ○○ | I13: 印
F14: ［所在地］
F15: 〒102-0093
F16: 東京都千代田区平河3-14-3
F17: 青年会議所会館1階
A21: 貴会の運動に賛同し、下記のとおり、寄付を申し出ます。
A24: 記
B27: 1．金 額： | F27: 円
C28: （不課税）
B30: 2．目 的： | C30: ○○○○事業に対する寄付
I33: 以上
C37: ＜寄付金振込先＞
C38: 三井住友銀行 麹町支店
C39: 普通口座 8942634
C40: 公益社団法人日本青年会議所 外部資金受入口

Sheet 収支決算報告書(様式10)
F1: [様式10]
A2: 事 業 収 支 決 算 報 告 書
B4: ='収益・費用明細書(様式11)'!$D$2 -> 事業名称：
A5: （単位 ： 円）
A6: 科 目 | C6: 予 算 額 | D6: 決 算 額 | E6: 差 異 | F6: 摘 要
A7: （収 益 の 部）
A8: 1 | B8: 登 録 料 収 益 | C8: =IFERROR(VLOOKUP(B8,'収益・費用明細書(様式11)'!$D$6:$G$15,4,FALSE),0) -> 0 | D8: =IFERROR(VLOOKUP(B8,'収益・費用明細書(様式11)'!$D$6:$H$15,5,FALSE),0) -> 0 | E8: =C8-D8 -> 0
A9: 2 | B9: 寄 付 金 収 益 | C9: =IFERROR(VLOOKUP(B9,'収益・費用明細書(様式11)'!$D$6:$G$15,4,FALSE),0) -> 0 | D9: =IFERROR(VLOOKUP(B9,'収益・費用明細書(様式11)'!$D$6:$H$15,5,FALSE),0) -> 0 | E9: =C9-D9 -> 0
A10: 3 | B10: 補 助 金 | C10: =IFERROR(VLOOKUP(B10,'収益・費用明細書(様式11)'!$D$6:$G$15,4,FALSE),0) -> 0 | D10: =IFERROR(VLOOKUP(B10,'収益・費用明細書(様式11)'!$D$6:$H$15,5,FALSE),0) -> 0 | E10: =C10-D10 -> 0
A11: 4 | B11: 助 成 金 | C11: =IFERROR(VLOOKUP(B11,'収益・費用明細書(様式11)'!$D$6:$G$15,4,FALSE),0) -> 0 | D11: =IFERROR(VLOOKUP(B11,'収益・費用明細書(様式11)'!$D$6:$H$15,5,FALSE),0) -> 0 | E11: =C11-D11 -> 0
A12: 5 | B12: 広 告 料 収 益 | C12: =IFERROR(VLOOKUP(B12,'収益・費用明細書(様式11)'!$D$6:$G$15,4,FALSE),0) -> 0 | D12: =IFERROR(VLOOKUP(B12,'収益・費用明細書(様式11)'!$D$6:$H$15,5,FALSE),0) -> 0 | E12: =C12-D12 -> 0
A13: 6 | B13: 販 売 収 益 | C13: =IFERROR(VLOOKUP(B13,'収益・費用明細書(様式11)'!$D$6:$G$15,4,FALSE),0) -> 0 | D13: =IFERROR(VLOOKUP(B13,'収益・費用明細書(様式11)'!$D$6:$H$15,5,FALSE),0) -> 0 | E13: =C13-D13 -> 0
A14: 7 | B14: 事 業 繰 入 金 | C14: =IFERROR(VLOOKUP(B14,'収益・費用明細書(様式11)'!$D$6:$G$15,4,FALSE),0) -> 0 | D14: =IFERROR(VLOOKUP(B14,'収益・費用明細書(様式11)'!$D$6:$H$15,5,FALSE),0) -> 0 | E14: =C14-D14 -> 0
A15: 8 | B15: 雑 収 益 | C15: =IFERROR(VLOOKUP(B15,'収益・費用明細書(様式11)'!$D$6:$G$15,4,FALSE),0) -> 0 | D15: =IFERROR(VLOOKUP(B15,'収益・費用明細書(様式11)'!$D$6:$H$15,5,FALSE),0) -> 0 | E15: =C15-D15 -> 0
A16: 収 益 計 | C16: =SUM(C8:C15) -> 0 | D16: =SUM(D8:D15) -> 0 | E16: =SUM(E8:E15) -> 0
A17: （費 用 の 部）
A18: 1 | B18: 会場設営費 | C18: {=IFERROR(INDEX('収益・費用明細書(様式11)'!$D$1:$G$3000,MATCH(B18&" 小 計",'収益・費用明細書(様式11)'!$D$1:$D$3000&'収益・費用明細書(様式11)'!$F$1:$F$3000,0),4),0)} -> 0 | D18: {=IFERROR(INDEX('収益・費用明細書(様式11)'!$D$1:$I$3000,MATCH(B18&" 小 計",'収益・費用明細書(様式11)'!$D$1:$D$3000&'収益・費用明細書(様式11)'!$F$1:$F$3000,0),5),0)} -> 0 | E18: =C18-D18 -> 0
A19: 2 | B19: 企画・演出費 | C19: {=IFERROR(INDEX('収益・費用明細書(様式11)'!$D$1:$G$3000,MATCH(B19&" 小 計",'収益・費用明細書(様式11)'!$D$1:$D$3000&'収益・費用明細書(様式11)'!$F$1:$F$3000,0),4),0)} -> 0 | D19: {=IFERROR(INDEX('収益・費用明細書(様式11)'!$D$1:$I$3000,MATCH(B19&" 小 計",'収益・費用明細書(様式11)'!$D$1:$D$3000&'収益・費用明細書(様式11)'!$F$1:$F$3000,0),5),0)} -> 0 | E19: =C19-D19 -> 0
A20: 3 | B20: 本部団関係費 | C20: {=IFERROR(INDEX('収益・費用明細書(様式11)'!$D$1:$G$3000,MATCH(B20&" 小 計",'収益・費用明細書(様式11)'!$D$1:$D$3000&'収益・費用明細書(様式11)'!$F$1:$F$3000,0),4),0)} -> 0 | D20: {=IFERROR(INDEX('収益・費用明細書(様式11)'!$D$1:$I$3000,MATCH(B20&" 小 計",'収益・費用明細書(様式11)'!$D$1:$D$3000&'収益・費用明細書(様式11)'!$F$1:$F$3000,0),5),0)} -> 0 | E20: =C20-D20 -> 0
A21: 4 | B21: 講師関係費 | C21: {=IFERROR(INDEX('収益・費用明細書(様式11)'!$D$1:$G$3000,MATCH(B21&" 小 計",'収益・費用明細書(様式11)'!$D$1:$D$3000&'収益・費用明細書(様式11)'!$F$1:$F$3000,0),4),0)} -> 0 | D21: {=IFERROR(INDEX('収益・費用明細書(様式11)'!$D$1:$I$3000,MATCH(B21&" 小 計",'収益・費用明細書(様式11)'!$D$1:$D$3000&'収益・費用明細書(様式11)'!$F$1:$F$3000,0),5),0)} -> 0 | E21: =C21-D21 -> 0
A22: 5 | B22: 広報費 | C22: {=IFERROR(INDEX('収益・費用明細書(様式11)'!$D$1:$G$3000,MATCH(B22&" 小 計",'収益・費用明細書(様式11)'!$D$1:$D$3000&'収益・費用明細書(様式11)'!$F$1:$F$3000,0),4),0)} -> 0 | D22: {=IFERROR(INDEX('収益・費用明細書(様式11)'!$D$1:$I$3000,MATCH(B22&" 小 計",'収益・費用明細書(様式11)'!$D$1:$D$3000&'収益・費用明細書(様式11)'!$F$1:$F$3000,0),5),0)} -> 0 | E22: =C22-D22 -> 0
A23: 6 | B23: 資料作成費 | C23: {=IFERROR(INDEX('収益・費用明細書(様式11)'!$D$1:$G$3000,MATCH(B23&" 小 計",'収益・費用明細書(様式11)'!$D$1:$D$3000&'収益・費用明細書(様式11)'!$F$1:$F$3000,0),4),0)} -> 0 | D23: {=IFERROR(INDEX('収益・費用明細書(様式11)'!$D$1:$I$3000,MATCH(B23&" 小 計",'収益・費用明細書(様式11)'!$D$1:$D$3000&'収益・費用明細書(様式11)'!$F$1:$F$3000,0),5),0)} -> 0 | E23: =C23-D23 -> 0
A24: 7 | B24: 報告書作成費 | C24: {=IFERROR(INDEX('収益・費用明細書(様式11)'!$D$1:$G$3000,MATCH(B24&" 小 計",'収益・費用明細書(様式11)'!$D$1:$D$3000&'収益・費用明細書(様式11)'!$F$1:$F$3000,0),4),0)} -> 0 | D24: {=IFERROR(INDEX('収益・費用明細書(様式11)'!$D$1:$I$3000,MATCH(B24&" 小 計",'収益・費用明細書(様式11)'!$D$1:$D$3000&'収益・費用明細書(様式11)'!$F$1:$F$3000,0),5),0)} -> 0 | E24: =C24-D24 -> 0
A25: 8 | B25: 渉外費 | C25: {=IFERROR(INDEX('収益・費用明細書(様式11)'!$D$1:$G$3000,MATCH(B25&" 小 計",'収益・費用明細書(様式11)'!$D$1:$D$3000&'収益・費用明細書(様式11)'!$F$1:$F$3000,0),4),0)} -> 0 | D25: {=IFERROR(INDEX('収益・費用明細書(様式11)'!$D$1:$I$3000,MATCH(B25&" 小 計",'収益・費用明細書(様式11)'!$D$1:$D$3000&'収益・費用明細書(様式11)'!$F$1:$F$3000,0),5),0)} -> 0 | E25: =C25-D25 -> 0
A26: 9 | B26: 旅費交通費 | C26: {=IFERROR(INDEX('収益・費用明細書(様式11)'!$D$1:$G$3000,MATCH(B26&" 小 計",'収益・費用明細書(様式11)'!$D$1:$D$3000&'収益・費用明細書(様式11)'!$F$1:$F$3000,0),4),0)} -> 0 | D26: {=IFERROR(INDEX('収益・費用明細書(様式11)'!$D$1:$I$3000,MATCH(B26&" 小 計",'収益・費用明細書(様式11)'!$D$1:$D$3000&'収益・費用明細書(様式11)'!$F$1:$F$3000,0),5),0)} -> 0 | E26: =C26-D26 -> 0
A27: 10 | B27: 参加記念品費 | C27: {=IFERROR(INDEX('収益・費用明細書(様式11)'!$D$1:$G$3000,MATCH(B27&" 小 計",'収益・費用明細書(様式11)'!$D$1:$D$3000&'収益・費用明細書(様式11)'!$F$1:$F$3000,0),4),0)} -> 0 | D27: {=IFERROR(INDEX('収益・費用明細書(様式11)'!$D$1:$I$3000,MATCH(B27&" 小 計",'収益・費用明細書(様式11)'!$D$1:$D$3000&'収益・費用明細書(様式11)'!$F$1:$F$3000,0),5),0)} -> 0 | E27: =C27-D27 -> 0
A28: 11 | B28: 保険料 | C28: {=IFERROR(INDEX('収益・費用明細書(様式11)'!$D$1:$G$3000,MATCH(B28&" 小 計",'収益・費用明細書(様式11)'!$D$1:$D$3000&'収益・費用明細書(様式11)'!$F$1:$F$3000,0),4),0)} -> 0 | D28: {=IFERROR(INDEX('収益・費用明細書(様式11)'!$D$1:$I$3000,MATCH(B28&" 小 計",'収益・費用明細書(様式11)'!$D$1:$D$3000&'収益・費用明細書(様式11)'!$F$1:$F$3000,0),5),0)} -> 0 | E28: =C28-D28 -> 0
A29: 12 | B29: 通信費 | C29: {=IFERROR(INDEX('収益・費用明細書(様式11)'!$D$1:$G$3000,MATCH(B29&" 小 計",'収益・費用明細書(様式11)'!$D$1:$D$3000&'収益・費用明細書(様式11)'!$F$1:$F$3000,0),4),0)} -> 0 | D29: {=IFERROR(INDEX('収益・費用明細書(様式11)'!$D$1:$I$3000,MATCH(B29&" 小 計",'収益・費用明細書(様式11)'!$D$1:$D$3000&'収益・費用明細書(様式11)'!$F$1:$F$3000,0),5),0)} -> 0 | E29: =C29-D29 -> 0
A30: 13 | B30: 雑費 | C30: {=IFERROR(INDEX('収益・費用明細書(様式11)'!$D$1:$G$3000,MATCH(B30&" 小 計",'収益・費用明細書(様式11)'!$D$1:$D$3000&'収益・費用明細書(様式11)'!$F$1:$F$3000,0),4),0)} -> 0 | D30: {=IFERROR(INDEX('収益・費用明細書(様式11)'!$D$1:$I$3000,MATCH(B30&" 小 計",'収益・費用明細書(様式11)'!$D$1:$D$3000&'収益・費用明細書(様式11)'!$F$1:$F$3000,0),5),0)} -> 0 | E30: =C30-D30 -> 0
A31: 14 | B31: 予備費 | C31: {=IFERROR(INDEX('収益・費用明細書(様式11)'!$D$1:$G$3000,MATCH(B31&" 小 計",'収益・費用明細書(様式11)'!$D$1:$D$3000&'収益・費用明細書(様式11)'!$F$1:$F$3000,0),4),0)} -> 0 | D31: 0 | E31: =C31 -> 0
A32: 費 用 計 | C32: =SUM(C18:C31) -> 0 | D32: =SUM(D18:D30) -> 0 | E32: =SUM(E18:E31) -> 0
A33: 収 支 差 額 | C33: 0 | D33: =D16-D32 -> 0 | E33: 0
A34: 上記の収支差額(余剰金)は、第 回理事会の承認を経て一般会計に繰り入れる

Sheet 収益・費用明細書(様式11)
D1: [様式11]
D2: 事業名称：
A4: （ 収 益 明 細 書 ） | F4: =IF(E4="","細目入れてください","") -> 細目入れてください | I4: （単位：円）
A5: 科 目 | E5: 細 目 | F5: 摘 要 | G5: 予 算 額 | H5: 決 算 額 | I5: 差 異 | J5: Ｎｏ
A6: ( | C6: ) | D6: =IF(B6="","括弧内に様式10の項目番号を入れてください",VLOOKUP(B6,'収支決算報告書(様式10)'!$A$8:$B$15,2,FALSE)) -> 括弧内に様式10の項目番号を入れてください | G6: 0 | H6: 0 | I6: =G6-H6 -> 0
A7: ( | C7: ) | D7: =IF(B7="","括弧内に様式10の項目番号を入れてください",VLOOKUP(B7,'収支決算報告書(様式10)'!$A$8:$B$15,2,FALSE)) -> 括弧内に様式10の項目番号を入れてください | G7: 0 | H7: 0 | I7: =G7-H7 -> 0
A8: ( | C8: ) | D8: =IF(B8="","括弧内に様式10の項目番号を入れてください",VLOOKUP(B8,'収支決算報告書(様式10)'!$A$8:$B$15,2,FALSE)) -> 括弧内に様式10の項目番号を入れてください | G8: 0 | H8: 0 | I8: =G8-H8 -> 0
A9: ( | C9: ) | D9: =IF(B9="","括弧内に様式10の項目番号を入れてください",VLOOKUP(B9,'収支決算報告書(様式10)'!$A$8:$B$15,2,FALSE)) -> 括弧内に様式10の項目番号を入れてください | G9: 0 | H9: 0 | I9: =G9-H9 -> 0
A10: 合 計 | G10: =SUM(G6:G9) -> 0 | H10: =SUM(H6:H9) -> 0 | I10: =SUM(I6:I9) -> 0
A14: （ 費 用 明 細 書 ） | E14: （決算用） | I14: （単位：円）
A15: 科 目 | E15: 細 目 | F15: 摘 要 | G15: 予 算 額 | H15: 決 算 額 | I15: 差 異 | J15: Ｎｏ
A16: ( | C16: ) | D16: =IF(B16="","括弧内に様式10の項目番号を入れてください",VLOOKUP(B16,'収支決算報告書(様式10)'!$A$18:$B$31,2,FALSE)) -> 括弧内に様式10の項目番号を入れてください | G16: 0 | H16: 0 | I16: =G16-H16 -> 0
D17: =D16 -> 括弧内に様式10の項目番号を入れてください | G17: 0 | H17: 0 | I17: =G17-H17 -> 0
D18: =D16 -> 括弧内に様式10の項目番号を入れてください | G18: 0 | H18: 0 | I18: =G18-H18 -> 0
D19: =D16 -> 括弧内に様式10の項目番号を入れてください | F19: 小 計 | G19: =SUM(G16:G18) -> 0 | H19: =SUM(H16:H18) -> 0 | I19: =SUM(I16:I18) -> 0
A20: ( | C20: ) | D20: =IF(B20="","括弧内に様式10の項目番号を入れてください",VLOOKUP(B20,'収支決算報告書(様式10)'!$A$18:$B$31,2,FALSE)) -> 括弧内に様式10の項目番号を入れてください | G20: 0 | H20: 0 | I20: =G20-H20 -> 0
D21: =D20 -> 括弧内に様式10の項目番号を入れてください | G21: 0 | H21: 0 | I21: =G21-H21 -> 0
D22: =D20 -> 括弧内に様式10の項目番号を入れてください | G22: 0 | H22: 0 | I22: =G22-H22 -> 0
D23: =D20 -> 括弧内に様式10の項目番号を入れてください | F23: 小 計 | G23: =SUM(G20:G22) -> 0 | H23: =SUM(H20:H22) -> 0 | I23: =SUM(I20:I22) -> 0
A24: ( | C24: ) | D24: =IF(B24="","括弧内に様式10の項目番号を入れてください",VLOOKUP(B24,'収支決算報告書(様式10)'!$A$18:$B$31,2,FALSE)) -> 括弧内に様式10の項目番号を入れてください | G24: 0 | H24: 0 | I24: =G24-H24 -> 0
D25: =D24 -> 括弧内に様式10の項目番号を入れてください | G25: 0 | H25: 0 | I25: =G25-H25 -> 0
D26: =D24 -> 括弧内に様式10の項目番号を入れてください | G26: 0 | H26: 0 | I26: =G26-H26 -> 0
D27: =D24 -> 括弧内に様式10の項目番号を入れてください | F27: 小 計 | G27: =SUM(G24:G26) -> 0 | H27: =SUM(H24:H26) -> 0 | I27: =SUM(I24:I26) -> 0
A28: ( | C28: ) | D28: =IF(B28="","括弧内に様式10の項目番号を入れてください",VLOOKUP(B28,'収支決算報告書(様式10)'!$A$18:$B$31,2,FALSE)) -> 括弧内に様式10の項目番号を入れてください | G28: 0 | H28: 0 | I28: =G28-H28 -> 0
D29: =D28 -> 括弧内に様式10の項目番号を入れてください | G29: 0 | H29: 0 | I29: =G29-H29 -> 0
D30: =D28 -> 括弧内に様式10の項目番号を入れてください | G30: 0 | H30: 0 | I30: =G30-H30 -> 0
D31: =D28 -> 括弧内に様式10の項目番号を入れてください | F31: 小 計 | G31: =SUM(G28:G30) -> 0 | H31: =SUM(H28:H30) -> 0 | I31: =SUM(I28:I30) -> 0
A32: ( | C32: ) | D32: =IF(B32="","括弧内に様式10の項目番号を入れてください",VLOOKUP(B32,'収支決算報告書(様式10)'!$A$18:$B$31,2,FALSE)) -> 括弧内に様式10の項目番号を入れてください | G32: 0 | H32: 0 | I32: =G32-H32 -> 0
D33: =D32 -> 括弧内に様式10の項目番号を入れてください | G33: 0 | H33: 0 | I33: =G33-H33 -> 0
D34: =D32 -> 括弧内に様式10の項目番号を入れてください | G34: 0 | H34: 0 | I34: =G34-H34 -> 0
D35: =D32 -> 括弧内に様式10の項目番号を入れてください | F35: 小 計 | G35: =SUM(G32:G34) -> 0 | H35: =SUM(H32:H34) -> 0 | I35: =SUM(I32:I34) -> 0
A36: ( | C36: ) | D36: =IF(B36="","括弧内に様式10の項目番号を入れてください",VLOOKUP(B36,'収支決算報告書(様式10)'!$A$18:$B$31,2,FALSE)) -> 括弧内に様式10の項目番号を入れてください | G36: 0 | H36: 0 | I36: =G36-H36 -> 0
D37: =D36 -> 括弧内に様式10の項目番号を入れてください | G37: 0 | H37: 0 | I37: =G37-H37 -> 0
D38: =D36 -> 括弧内に様式10の項目番号を入れてください | G38: 0 | H38: 0 | I38: =G38-H38 -> 0
D39: =D36 -> 括弧内に様式10の項目番号を入れてください | F39: 小 計 | G39: =SUM(G36:G38) -> 0 | H39: =SUM(H36:H38) -> 0 | I39: =SUM(I36:I38) -> 0
A40: ( | B40: 14 | C40: ) | D40: =IF(B40="","括弧内に様式2の項目番号を入れてください",VLOOKUP(B40,'収支予算書(様式2)'!$A$18:$B$31,2,FALSE)) -> 予備費 | F40: =ROUNDDOWN(IFERROR(I40/I42, ""),4) -> 0 | G40: 0 | H40: 0 | I40: =G40-H40 -> 0
D41: =D40 -> 予備費 | F41: 小 計 | G41: =G40 -> 0 | H41: =H40 -> 0 | I41: =G41-H41 -> 0
F42: 合 計 | G42: =SUM(G41,G39,G35,G31,G27,G23,G19) -> 0 | H42: =SUM(H41,H39,H35,H31,H27,H23,H19) -> 0 | I42: =SUM(I41,I39,I35,I31,I27,I23,I19) -> 0

Sheet 差異発生理由書(様式12)
A1: [様式12]
A3: 差 異 発 生 理 由 書
A4: ='収益・費用明細書(様式3)'!$B$2 -> 事業名称： | G4: 第 回支払申請
A6: （単位：円）
A7: 科目 | B7: 細目 | C7: 摘要 | F7: 差異 | G7: 理由・内容
A8: （収益の部）
F9: =D9-E9 -> 0
F10: =D10-E10 -> 0
F11: =D11-E11 -> 0
F12: =D12-E12 -> 0
F13: =D13-E13 -> 0
A14: （費用の部）
F15: =D15-E15 -> 0
F16: =D16-E16 -> 0
F17: =D17-E17 -> 0
F18: =D18-E18 -> 0
F19: =D19-E19 -> 0
F20: =D20-E20 -> 0
F21: =D21-E21 -> 0
F22: =D22-E22 -> 0
F23: =D23-E23 -> 0
F24: =D24-E24 -> 0
F25: =D25-E25 -> 0
F26: =D26-E26 -> 0
... F33: =D33-E33 -> 0
A35: ＊差異の発生した科目・細目のみを項目に記入して下さい。
A36: ＊理由・内容は出来るだけ詳しく記入下さい。
A37: ＊不要な行は全て削除して下さい。

Sheet 消費税等計算シート（様式13）
G1: [様式13]
A2: 消 費 税 等 計 算 シ - ト
A4: ='収益・費用明細書(様式11)'!$D$2 -> 事業名称：
A6: 1．収益の部 | F6: （単位：円）
A7: 勘定科目 | B7: 決算額 (1+2+3+4) | C7: 課税収益1 税率10％ | D7: 非課税収益2 | E7: 特定収益3 | F7: その他収益4
A8: 登録料収益 | B8: =SUM(C8:C8) -> 0
A9: 寄付金収益 | B9: =SUM(E9) -> 0
A10: 補助金 | B10: =SUM(E10) -> 0
A11: 助成金 | B11: =SUM(C11:F11) -> 0
A12: 広告料収益 | B12: =SUM(C12:C12) -> 0
A13: 販売収益 | B13: =SUM(C13:C13) -> 0
A14: 事業繰入金 | B14: =SUM(F14) -> 0
A15: 雑収益 | B15: =SUM(C15:F15) -> 0
A16: 収益計 | B16: =SUM(B8:B15) -> 0 | C16: =SUM(C8:C15) -> 0 | D16: =SUM(D8:D15) -> 0 | E16: =SUM(E8:E15) -> 0 | F16: =SUM(F8:F15) -> 0
A18: 2．費用の部 | F18: （単位：円）
A19: 勘定科目 | B19: 決算額 (1+2+3+4+5) | C19: 課税支出1 税率10％ | D19: 課税支出2 税率10％(経過) | E19: 課税支出3 税率8％(軽減) | F19: 課税支出4 税率8％(経過) | G19: その他5 非課税
A20: 会場設営費 | B20: =SUM(C20:G20) -> 0
A21: 企画・演出費 | B21: =SUM(C21:G21) -> 0
A22: 本部団関係費 | B22: =SUM(C22:G22) -> 0
A23: 講師関係費 | B23: =SUM(C23:G23) -> 0
A24: 広報費 | B24: =SUM(C24:G24) -> 0
A25: 資料作成費 | B25: =SUM(C25:G25) -> 0
A26: 報告書作成費 | B26: =SUM(C26:G26) -> 0
A27: 渉外費 | B27: =SUM(C27:G27) -> 0
A28: 旅費交通費 | B28: =SUM(C28:G28) -> 0
A29: 参加記念品費 | B29: =SUM(C29:G29) -> 0
A30: 保険料 | B30: =SUM(C30:G30) -> 0
A31: 通信費 | B31: =SUM(C31:G31) -> 0
A32: 雑費 | B32: =SUM(C32:G32) -> 0
A33: 費用計 | B33: =SUM(B20:B32) -> 0 | C33: =SUM(C20:C32) -> 0 | D33: =SUM(D20:D32) -> 0 | E33: =SUM(E20:E32) -> 0 | F33: =SUM(F20:F32) -> 0 | G33: =SUM(G20:G32) -> 0
A35: ■収 支 差 額 | B35: =B16-B33 -> 0
A37: ※講師依頼承諾書（様式5)にて、登録番号がない場合には、課税支出2税率10％(経過)欄に記入してください。
A38: ※内税にて全て記載して下さい。

Sheet 収支予算書-修正・補正(様式14)
F1: [様式14]
B4: ='収益・費用明細書-修正・補正(様式15)'!$C$2 -> 事業名称：
F5: （単位 ： 円）
B6: 項 目 | D6: 承認済予算額 | E6: 差 異 | F6: 摘 要
B7: （収 益 の 部）
A8: 1 | B8: 登 録 料 収 益 | C8: =IFERROR(VLOOKUP(B8,'収益・費用明細書-修正・補正(様式15)'!$D$6:$I$15,4,FALSE),0) -> 0 | D8: =IFERROR(VLOOKUP(B8,'収益・費用明細書-修正・補正(様式15)'!$D$6:$I$15,5,FALSE),0) -> 0 | E8: =C8-D8 -> 0
A9: 2 | B9: 寄 付 金 収 益 | C9: =IFERROR(VLOOKUP(B9,'収益・費用明細書-修正・補正(様式15)'!$D$6:$I$15,4,FALSE),0) -> 0 | D9: =IFERROR(VLOOKUP(B9,'収益・費用明細書-修正・補正(様式15)'!$D$6:$I$15,5,FALSE),0) -> 0 | E9: =C9-D9 -> 0
A10: 3 | B10: 補 助 金 | C10: =IFERROR(VLOOKUP(B10,'収益・費用明細書-修正・補正(様式15)'!$D$6:$I$15,4,FALSE),0) -> 0 | D10: =IFERROR(VLOOKUP(B10,'収益・費用明細書-修正・補正(様式15)'!$D$6:$I$15,5,FALSE),0) -> 0 | E10: =C10-D10 -> 0
A11: 4 | B11: 助 成 金 | C11: =IFERROR(VLOOKUP(B11,'収益・費用明細書-修正・補正(様式15)'!$D$6:$I$15,4,FALSE),0) -> 0 | D11: =IFERROR(VLOOKUP(B11,'収益・費用明細書-修正・補正(様式15)'!$D$6:$I$15,5,FALSE),0) -> 0 | E11: =C11-D11 -> 0
A12: 5 | B12: 広 告 料 収 益 | C12: =IFERROR(VLOOKUP(B12,'収益・費用明細書-修正・補正(様式15)'!$D$6:$I$15,4,FALSE),0) -> 0 | D12: =IFERROR(VLOOKUP(B12,'収益・費用明細書-修正・補正(様式15)'!$D$6:$I$15,5,FALSE),0) -> 0 | E12: =C12-D12 -> 0
A13: 6 | B13: 販 売 収 益 | C13: =IFERROR(VLOOKUP(B13,'収益・費用明細書-修正・補正(様式15)'!$D$6:$I$15,4,FALSE),0) -> 0 | D13: =IFERROR(VLOOKUP(B13,'収益・費用明細書-修正・補正(様式15)'!$D$6:$I$15,5,FALSE),0) -> 0 | E13: =C13-D13 -> 0
A14: 7 | B14: 事 業 繰 入 金 | C14: =IFERROR(VLOOKUP(B14,'収益・費用明細書-修正・補正(様式15)'!$D$6:$I$15,4,FALSE),0) -> 0 | D14: =IFERROR(VLOOKUP(B14,'収益・費用明細書-修正・補正(様式15)'!$D$6:$I$15,5,FALSE),0) -> 0 | E14: =C14-D14 -> 0
A15: 8 | B15: 雑 収 益 | C15: =IFERROR(VLOOKUP(B15,'収益・費用明細書-修正・補正(様式15)'!$D$6:$I$15,4,FALSE),0) -> 0 | D15: =IFERROR(VLOOKUP(B15,'収益・費用明細書-修正・補正(様式15)'!$D$6:$I$15,5,FALSE),0) -> 0 | E15: =C15-D15 -> 0
B16: 収益計 | C16: =SUM(C8:C15) -> 0 | D16: =SUM(D8:D15) -> 0 | E16: =SUM(E8:E15) -> 0
B17: （費用の部）
A18: 1 | B18: 会場設営費 | C18: {=IFERROR(INDEX('収益・費用明細書-修正・補正(様式15)'!$D$1:$G$3000,MATCH(B18&" 小 計",'収益・費用明細書-修正・補正(様式15)'!$D$1:$D$3000&'収益・費用明細書-修正・補正(様式15)'!$F$1:$F$3000,0),4),0)} -> 0 | D18: {=IFERROR(INDEX('収益・費用明細書-修正・補正(様式15)'!$D$1:$I$3000,MATCH(B18&" 小 計",'収益・費用明細書-修正・補正(様式15)'!$D$1:$D$3000&'収益・費用明細書-修正・補正(様式15)'!$F$1:$F$3000,0),5),0)} -> 0 | E18: =C18-D18 -> 0
A19: 2 | B19: 企画・演出費 | C19: {=IFERROR(INDEX('収益・費用明細書-修正・補正(様式15)'!$D$1:$G$3000,MATCH(B19&" 小 計",'収益・費用明細書-修正・補正(様式15)'!$D$1:$D$3000&'収益・費用明細書-修正・補正(様式15)'!$F$1:$F$3000,0),4),0)} -> 0 | D19: {=IFERROR(INDEX('収益・費用明細書-修正・補正(様式15)'!$D$1:$I$3000,MATCH(B19&" 小 計",'収益・費用明細書-修正・補正(様式15)'!$D$1:$D$3000&'収益・費用明細書-修正・補正(様式15)'!$F$1:$F$3000,0),5),0)} -> 0 | E19: =C19-D19 -> 0
A20: 3 | B20: 本部団関係費 | C20: {=IFERROR(INDEX('収益・費用明細書-修正・補正(様式15)'!$D$1:$G$3000,MATCH(B20&" 小 計",'収益・費用明細書-修正・補正(様式15)'!$D$1:$D$3000&'収益・費用明細書-修正・補正(様式15)'!$F$1:$F$3000,0),4),0)} -> 0 | D20: {=IFERROR(INDEX('収益・費用明細書-修正・補正(様式15)'!$D$1:$I$3000,MATCH(B20&" 小 計",'収益・費用明細書-修正・補正(様式15)'!$D$1:$D$3000&'収益・費用明細書-修正・補正(様式15)'!$F$1:$F$3000,0),5),0)} -> 0 | E20: =C20-D20 -> 0
A21: 4 | B21: 講師関係費 | C21: {=IFERROR(INDEX('収益・費用明細書-修正・補正(様式15)'!$D$1:$G$3000,MATCH(B21&" 小 計",'収益・費用明細書-修正・補正(様式15)'!$D$1:$D$3000&'収益・費用明細書-修正・補正(様式15)'!$F$1:$F$3000,0),4),0)} -> 0 | D21: {=IFERROR(INDEX('収益・費用明細書-修正・補正(様式15)'!$D$1:$I$3000,MATCH(B21&" 小 計",'収益・費用明細書-修正・補正(様式15)'!$D$1:$D$3000&'収益・費用明細書-修正・補正(様式15)'!$F$1:$F$3000,0),5),0)} -> 0 | E21: =C21-D21 -> 0
A22: 5 | B22: 広報費 | C22: {=IFERROR(INDEX('収益・費用明細書-修正・補正(様式15)'!$D$1:$G$3000,MATCH(B22&" 小 計",'収益・費用明細書-修正・補正(様式15)'!$D$1:$D$3000&'収益・費用明細書-修正・補正(様式15)'!$F$1:$F$3000,0),4),0)} -> 0 | D22: {=IFERROR(INDEX('収益・費用明細書-修正・補正(様式15)'!$D$1:$I$3000,MATCH(B22&" 小 計",'収益・費用明細書-修正・補正(様式15)'!$D$1:$D$3000&'収益・費用明細書-修正・補正(様式15)'!$F$1:$F$3000,0),5),0)} -> 0 | E22: =C22-D22 -> 0
A23: 6 | B23: 資料作成費 | C23: {=IFERROR(INDEX('収益・費用明細書-修正・補正(様式15)'!$D$1:$G$3000,MATCH(B23&" 小 計",'収益・費用明細書-修正・補正(様式15)'!$D$1:$D$3000&'収益・費用明細書-修正・補正(様式15)'!$F$1:$F$3000,0),4),0)} -> 0 | D23: {=IFERROR(INDEX('収益・費用明細書-修正・補正(様式15)'!$D$1:$I$3000,MATCH(B23&" 小 計",'収益・費用明細書-修正・補正(様式15)'!$D$1:$D$3000&'収益・費用明細書-修正・補正(様式15)'!$F$1:$F$3000,0),5),0)} -> 0 | E23: =C23-D23 -> 0
A24: 7 | B24: 報告書作成費 | C24: {=IFERROR(INDEX('収益・費用明細書-修正・補正(様式15)'!$D$1:$G$3000,MATCH(B24&" 小 計",'収益・費用明細書-修正・補正(様式15)'!$D$1:$D$3000&'収益・費用明細書-修正・補正(様式15)'!$F$1:$F$3000,0),4),0)} -> 0 | D24: {=IFERROR(INDEX('収益・費用明細書-修正・補正(様式15)'!$D$1:$I$3000,MATCH(B24&" 小 計",'収益・費用明細書-修正・補正(様式15)'!$D$1:$D$3000&'収益・費用明細書-修正・補正(様式15)'!$F$1:$F$3000,0),5),0)} -> 0 | E24: =C24-D24 -> 0
A25: 8 | B25: 渉外費 | C25: {=IFERROR(INDEX('収益・費用明細書-修正・補正(様式15)'!$D$1:$G$3000,MATCH(B25&" 小 計",'収益・費用明細書-修正・補正(様式15)'!$D$1:$D$3000&'収益・費用明細書-修正・補正(様式15)'!$F$1:$F$3000,0),4),0)} -> 0 | D25: {=IFERROR(INDEX('収益・費用明細書-修正・補正(様式15)'!$D$1:$I$3000,MATCH(B25&" 小 計",'収益・費用明細書-修正・補正(様式15)'!$D$1:$D$3000&'収益・費用明細書-修正・補正(様式15)'!$F$1:$F$3000,0),5),0)} -> 0 | E25: =C25-D25 -> 0
A26: 9 | B26: 旅費交通費 | C26: {=IFERROR(INDEX('収益・費用明細書-修正・補正(様式15)'!$D$1:$G$3000,MATCH(B26&" 小 計",'収益・費用明細書-修正・補正(様式15)'!$D$1:$D$3000&'収益・費用明細書-修正・補正(様式15)'!$F$1:$F$3000,0),4),0)} -> 0 | D26: {=IFERROR(INDEX('収益・費用明細書-修正・補正(様式15)'!$D$1:$I$3000,MATCH(B26&" 小 計",'収益・費用明細書-修正・補正(様式15)'!$D$1:$D$3000&'収益・費用明細書-修正・補正(様式15)'!$F$1:$F$3000,0),5),0)} -> 0 | E26: =C26-D26 -> 0
A27: 10 | B27: 参加記念品費 | C27: {=IFERROR(INDEX('収益・費用明細書-修正・補正(様式15)'!$D$1:$G$3000,MATCH(B27&" 小 計",'収益・費用明細書-修正・補正(様式15)'!$D$1:$D$3000&'収益・費用明細書-修正・補正(様式15)'!$F$1:$F$3000,0),4),0)} -> 0 | D27: {=IFERROR(INDEX('収益・費用明細書-修正・補正(様式15)'!$D$1:$I$3000,MATCH(B27&" 小 計",'収益・費用明細書-修正・補正(様式15)'!$D$1:$D$3000&'収益・費用明細書-修正・補正(様式15)'!$F$1:$F$3000,0),5),0)} -> 0 | E27: =C27-D27 -> 0
A28: 11 | B28: 保険料 | C28: {=IFERROR(INDEX('収益・費用明細書-修正・補正(様式15)'!$D$1:$G$3000,MATCH(B28&" 小 計",'収益・費用明細書-修正・補正(様式15)'!$D$1:$D$3000&'収益・費用明細書-修正・補正(様式15)'!$F$1:$F$3000,0),4),0)} -> 0 | D28: {=IFERROR(INDEX('収益・費用明細書-修正・補正(様式15)'!$D$1:$I$3000,MATCH(B28&" 小 計",'収益・費用明細書-修正・補正(様式15)'!$D$1:$D$3000&'収益・費用明細書-修正・補正(様式15)'!$F$1:$F$3000,0),5),0)} -> 0 | E28: =C28-D28 -> 0
A29: 12 | B29: 通信費 | C29: {=IFERROR(INDEX('収益・費用明細書-修正・補正(様式15)'!$D$1:$G$3000,MATCH(B29&" 小 計",'収益・費用明細書-修正・補正(様式15)'!$D$1:$D$3000&'収益・費用明細書-修正・補正(様式15)'!$F$1:$F$3000,0),4),0)} -> 0 | D29: {=IFERROR(INDEX('収益・費用明細書-修正・補正(様式15)'!$D$1:$I$3000,MATCH(B29&" 小 計",'収益・費用明細書-修正・補正(様式15)'!$D$1:$D$3000&'収益・費用明細書-修正・補正(様式15)'!$F$1:$F$3000,0),5),0)} -> 0 | E29: =C29-D29 -> 0
A30: 13 | B30: 雑費 | C30: {=IFERROR(INDEX('収益・費用明細書-修正・補正(様式15)'!$D$1:$G$3000,MATCH(B30&" 小 計",'収益・費用明細書-修正・補正(様式15)'!$D$1:$D$3000&'収益・費用明細書-修正・補正(様式15)'!$F$1:$F$3000,0),4),0)} -> 0 | D30: {=IFERROR(INDEX('収益・費用明細書-修正・補正(様式15)'!$D$1:$I$3000,MATCH(B30&" 小 計",'収益・費用明細書-修正・補正(様式15)'!$D$1:$D$3000&'収益・費用明細書-修正・補正(様式15)'!$F$1:$F$3000,0),5),0)} -> 0 | E30: =C30-D30 -> 0
A31: 14 | B31: 予備費 | C31: {=IFERROR(INDEX('収益・費用明細書-修正・補正(様式15)'!$D$1:$G$3000,MATCH(B31&" 小 計",'収益・費用明細書-修正・補正(様式15)'!$D$1:$D$3000&'収益・費用明細書-修正・補正(様式15)'!$F$1:$F$3000,0),4),0)} -> 0 | D31: {=IFERROR(INDEX('収益・費用明細書-修正・補正(様式15)'!$D$1:$I$3000,MATCH(B31&" 小 計",'収益・費用明細書-修正・補正(様式15)'!$D$1:$D$3000&'収益・費用明細書-修正・補正(様式15)'!$F$1:$F$3000,0),5),0)} -> 0 | E31: =C31-D31 -> 0 | F31: =ROUNDDOWN(IFERROR(C31/C32, ""),4) -> 0
B32: 費用計 | C32: =SUM(C18:C31) -> 0 | D32: =SUM(D18:D31) -> 0 | E32: =SUM(E18:E31) -> 0
B33: 収支差額 | C33: =C16-C32 -> 0 | D33: =D16-D32 -> 0 | E33: =E16-E32 -> 0

Sheet 収益・費用明細書-修正・補正(様式15)
I1: [様式15]
C2: ='収益・費用明細書(様式3)'!$B$2 -> 事業名称：
E3: =IF(E4="","細目入れてください","") -> 細目入れてください
A4: （ 収 益 明 細 書 ） | I4: （単位：円）
A5: 科 目 | E5: 細 目 | F5: 摘 要 | H5: 承認済予算額 | I5: 差 異 | J5: Ｎｏ
A6: ( | C6: ) | D6: =IF(B6="","括弧内に様式14の項目番号を入れてください",VLOOKUP(B6,'収支予算書-修正・補正(様式14)'!$A$8:$B$15,2,FALSE)) -> 括弧内に様式14の項目番号を入れてください | G6: 0 | H6: 0 | I6: =G6-H6 -> 0
A7: ( | C7: ) | D7: =IF(B7="","括弧内に様式14の項目番号を入れてください",VLOOKUP(B7,'収支予算書-修正・補正(様式14)'!$A$8:$B$15,2,FALSE)) -> 括弧内に様式14の項目番号を入れてください | G7: 0 | H7: 0 | I7: =G7-H7 -> 0
A8: ( | C8: ) | D8: =IF(B8="","括弧内に様式14の項目番号を入れてください",VLOOKUP(B8,'収支予算書-修正・補正(様式14)'!$A$8:$B$15,2,FALSE)) -> 括弧内に様式14の項目番号を入れてください | G8: 0 | H8: 0 | I8: =G8-H8 -> 0
A9: ( | C9: ) | D9: =IF(B9="","括弧内に様式14の項目番号を入れてください",VLOOKUP(B9,'収支予算書-修正・補正(様式14)'!$A$8:$B$15,2,FALSE)) -> 括弧内に様式14の項目番号を入れてください | G9: 0 | H9: 0 | I9: =G9-H9 -> 0
A10: 合 計 | G10: =SUM(G6:G9) -> 0 | H10: =SUM(H6:H9) -> 0 | I10: =SUM(I6:I9) -> 0
A13: （ 費 用 明 細 書 ） | E13: =IF(E4="","",E4) | I13: （単位：円）
A14: 科 目 | E14: 細 目 | F14: 摘 要 | G14: =IF(G5="","",G5) | H14: 承認済予算額 | I14: 差 異 | J14: Ｎｏ
A15: ( | C15: ) | D15: =IF(B15="","括弧内に様式14の項目番号を入れてください",VLOOKUP(B15,'収支予算書-修正・補正(様式14)'!$A$18:$B$31,2,FALSE)) -> 括弧内に様式14の項目番号を入れてください | G15: 0 | H15: 0 | I15: =G15-H15 -> 0
D16: =D15 -> 括弧内に様式14の項目番号を入れてください | G16: 0 | H16: 0 | I16: =G16-H16 -> 0
D17: =D15 -> 括弧内に様式14の項目番号を入れてください | G17: 0 | H17: 0 | I17: =G17-H17 -> 0
D18: =D15 -> 括弧内に様式14の項目番号を入れてください | F18: 小 計 | G18: =SUM(G15:G17) -> 0 | H18: =SUM(H15:H17) -> 0 | I18: =SUM(I15:I17) -> 0
A19: ( | C19: ) | D19: =IF(B19="","括弧内に様式14の項目番号を入れてください",VLOOKUP(B19,'収支予算書-修正・補正(様式14)'!$A$18:$B$31,2,FALSE)) -> 括弧内に様式14の項目番号を入れてください | H19: 0 | I19: =G19-H19 -> 0
D20: =D19 -> 括弧内に様式14の項目番号を入れてください | H20: 0 | I20: =G20-H20 -> 0
D21: =D19 -> 括弧内に様式14の項目番号を入れてください | H21: 0 | I21: =G21-H21 -> 0
D22: =D19 -> 括弧内に様式14の項目番号を入れてください | F22: 小 計 | G22: =SUM(G19:G21) -> 0 | H22: =SUM(H19:H21) -> 0 | I22: =SUM(I19:I21) -> 0
A23: ( | C23: ) | D23: =IF(B23="","括弧内に様式14の項目番号を入れてください",VLOOKUP(B23,'収支予算書-修正・補正(様式14)'!$A$18:$B$31,2,FALSE)) -> 括弧内に様式14の項目番号を入れてください | H23: 0 | I23: =G23-H23 -> 0
D24: =D23 -> 括弧内に様式14の項目番号を入れてください | H24: 0 | I24: =G24-H24 -> 0
D25: =D23 -> 括弧内に様式14の項目番号を入れてください | H25: 0 | I25: =G25-H25 -> 0
D26: =D23 -> 括弧内に様式14の項目番号を入れてください | F26: 小 計 | G26: =SUM(G23:G25) -> 0 | H26: =SUM(H23:H25) -> 0 | I26: =SUM(I23:I25) -> 0
A27: ( | C27: ) | D27: =IF(B27="","括弧内に様式14の項目番号を入れてください",VLOOKUP(B27,'収支予算書-修正・補正(様式14)'!$A$18:$B$31,2,FALSE)) -> 括弧内に様式14の項目番号を入れてください | H27: 0 | I27: =G27-H27 -> 0
D28: =D27 -> 括弧内に様式14の項目番号を入れてください | H28: 0 | I28: =G28-H28 -> 0
D29: =D27 -> 括弧内に様式14の項目番号を入れてください | H29: 0 | I29: =G29-H29 -> 0
D30: =D27 -> 括弧内に様式14の項目番号を入れてください | F30: 小 計 | G30: =SUM(G27:G29) -> 0 | H30: =SUM(H27:H29) -> 0 | I30: =SUM(I27:I29) -> 0
A31: ( | C31: ) | D31: =IF(B31="","括弧内に様式14の項目番号を入れてください",VLOOKUP(B31,'収支予算書-修正・補正(様式14)'!$A$18:$B$31,2,FALSE)) -> 括弧内に様式14の項目番号を入れてください | H31: 0 | I31: =G31-H31 -> 0
D32: =D31 -> 括弧内に様式14の項目番号を入れてください | H32: 0 | I32: =G32-H32 -> 0
D33: =D31 -> 括弧内に様式14の項目番号を入れてください | H33: 0 | I33: =G33-H33 -> 0
D34: =D31 -> 括弧内に様式14の項目番号を入れてください | F34: 小 計 | G34: =SUM(G31:G33) -> 0 | H34: =SUM(H31:H33) -> 0 | I34: =SUM(I31:I33) -> 0
A35: ( | B35: 14 | C35: ) | D35: =IF(B35="","括弧内に様式2の項目番号を入れてください",VLOOKUP(B35,'収支予算書(様式2)'!$A$18:$B$31,2,FALSE)) -> 予備費 | F35: =ROUNDDOWN(IFERROR(G35/G37, ""),4) -> 0 | G35: 0 | H35: 0 | I35: =G35-H35 -> 0
D36: =D35 -> 予備費 | F36: 小 計 | G36: =SUM(G35:G35) -> 0 | H36: =SUM(H35:H35) -> 0 | I36: =SUM(I35:I35) -> 0
F37: 合 計 | G37: =SUM(G36,G34,G30,G26,G22,G18) -> 0 | H37: =SUM(H36,H34,H30,H26,H22,H18) -> 0 | I37: =SUM(I36,I34,I30,I26,I22,I18) -> 0

Sheet 現金払理由書（様式16）
B1: [様式16]
A2: 【現金払理由書】
A3: ='収支予算書(様式2)'!$B$4 -> 事業名称：
A5: 支払先名称
A6: 支払金額 | B6: 円
A7: 支払理由 | B7: ※詳細な理由を記載すること

Sheet 相見積書不提出理由書（様式17）
B1: [様式17]
A2: 【相見積書不提出理由書】
A3: ='収支予算書(様式2)'!$B$4 -> 事業名称：
A5: 相見積が必要な見積書No | B5: ※様式4の見積書ナンバーと見積企業名称を記載すること
A6: 見積書金額 | B6: 円
A7: 相見積が取得できない理由 | B7: ※詳細な理由を記載すること

Sheet 見積書不提出理由書（様式18）
B1: [様式18]
A2: 【見積書不提出理由書】
A3: ='収支予算書(様式2)'!$B$4 -> 事業名称：
A5: 本来見積が必要な支払い | B5: 科目：●●●● 費目：●●●●
A6: 支払先名称
A7: 見積金額 | B7: 円
A8: 見積書が取得できない理由 | B8: ※詳細な理由を記載すること

Sheet 個人事業主からの見積書取得理由書（様式19）
B1: [様式19]
A2: 【個人事業主からの見積書取得理由書】
A3: ='収支予算書(様式2)'!$B$4 -> 事業名称：
A5: 様式4におけるNoと科目費目 | B5: 様式4のNo.●● 科目：●●●● 費目：●●●●
A6: 個人事業主名
A7: 見積金額 | B7: 円
A8: 個人事業主から見積書を取得する理由 | B8: ※詳細な理由を記載すること

Sheet T番号のない事業者からの見積書取得理由書（様式20）
B1: [様式20]
A2: 【T番号のない事業者からの見積書取得理由書】
A3: ='収支予算書(様式2)'!$B$4 -> 事業名称：
A5: 様式4におけるNoと科目費目 | B5: 様式4のNo.●● 科目：●●●● 費目：●●●●
A6: 業者名
A7: 見積金額 | B7: 円
A8: T番号のない事業者から見積書を取得する理由 | B8: ※詳細な理由を記載すること

Sheet 所有者以外からの見積書取得理由書（様式21）
B1: [様式21]
A2: 【所有者以外からの見積書取得理由書】
A3: ='収支予算書(様式2)'!$B$4 -> 事業名称：
A5: 様式4におけるNoと科目費目 | B5: 様式4のNo.●● 科目：●●●● 費目：●●●●
A6: 業者名
A7: 見積金額 | B7: 円
A8: 所有者以外から見積書を取得する理由 | B8: ※詳細な理由を記載すること

Sheet その他理由書（様式22）
B1: [様式22]
A2: 【＿＿＿＿＿＿＿＿についての理由書】
A3: ='収支予算書(様式2)'!$B$4 -> 事業名称：
A5: 様式4におけるNoと科目費目 | B5: 様式4のNo.●● 科目：●●●● 費目：●●●●
A6: 業者名
A7: 見積金額 | B7: 円
A8: 理由 | B8: ※詳細な理由を記載すること

Sheet 特別領収書作成申請書（様式23）
D1: 〔様式23〕
D2: 2025年 月 日
A3: 特別領収書 作成申請書
G4: ※編集禁止※
A5: 公益社団法人 日本青年会議所 会頭 外口 真大 殿 | G5: 発行責任者欄リスト
B6: （専務理事 加藤 大将 殿） | G6: プルダウンより役職名をお選びください。
G7: 地区協議会 会長
A8: 下記事業の運営上、事業専用の領収書が必要不可欠である為、特別領収書の作成を申請いたします。尚、領収書の作成に際しては、必ず申請した発行枚数を連続した番号で印刷し、管理・発行には万全の注意を払い、当方で一切の責任を持ち、公益社団法人日本青年会議所に迷惑の掛からないようここに確認いたします。又、事業終了後速やかに、特別領収書作成報告書（様式24）を未使用領収書等とともにご提出いたします。 | G8: ブロック協議会 会長
G9: 会議 議長
G10: 委員会 委員長
A15: 発行責任者
A16: 協議会・会議・委員会名 | B16: 役職名 | C16: お名前 | D16: 印
B17: プルダウンより役職名をお選びください。 | C17: 〇〇 〇〇
A18: ※協議会からの申請は、全て会長からの申請となります。
A20: 事業名
A21: 登録料（単価） | B21: ＠ | C21: 発行枚数 | D21: 枚
A22: 開催日時 | B22: 2025年 月 日 ～ 2025年 月 日
A23: 通し番号 | B23: No. ～ No. を業者が連番で印刷致します。
A24: 発行理由 該当内容（ ）に〇を入れてください。
B25: （ ） 1 発行枚数が多く、領収書綴り（手書き）で対応できないため。
B26: （ ） 2 領収書の一部に、登録証を兼ねたデザインで発行するため。
B27: （ ） 3 その他：下記余白に具体的に記述ください。
B30: （ ） 4 先に申請した枚数が不足したため、追加の申請を行います。
A32: ＊添付書類：1. 発行領収書見本
A34: 専務理事承認欄
B35: 上記申請を承認いたします。
A37: 2025年 月 日
B39: 公益社団法人 日本青年会議所 専務理事 加藤 大将 印
A41: ■申請までの流れ
A42: 1必要事項を入力し、領収書見本をご用意の上、ご担当者様より日本JC事務局経理までご連絡ください。申請書や見本の体裁を確認させていただきますので、その後、申請書原本と見本を下記住所宛てにご郵送ください。
A44: 2日本JC事務局経理より作成に関して専務理事決裁を行い、決裁承認後、ご担当者様にご連絡します。
A46: ■申請書原本と領収書見本の郵送先
A47: 〒102-0093 東京都千代田区平河町2-14-3 公益社団法人 日本青年会議所 事務局経理 宛て
A48: TEL：03-3234-3328 FAX：03-3234-7183

Sheet 特別領収書作成報告書（様式24）
D1: 〔様式24〕
D2: 2025年 月 日
A3: 特別領収書 作成報告書
G4: ※編集禁止※
A5: 公益社団法人 日本青年会議所 会頭 外口 真大 殿 | G5: 発行責任者欄リスト
B6: （専務理事 加藤 大将 殿） | G6: プルダウンより役職名をお選びください。
G7: 地区協議会 会長
A8: 先般、ご承認いただいた特別領収書作成（承認番号 ）につき、事業終了のため、 | G8: ブロック協議会 会長
A9: 下記の添付書類とともに報告書を提出いたします。 | G9: 会議 議長
G10: 委員会 委員長
A12: 発行責任者
A13: 協議会・会議・委員会名 | B13: 役職名 | C13: お名前 | D13: 印
B14: プルダウンより役職名をお選びください。 | C14: 〇〇 〇〇
A15: ※協議会からの申請は、全て会長からの申請となります。
A18: 事業名
A19: 登録料（単価） | B19: ＠ | C19: 発行枚数 | D19: 枚
A20: 開催日時 | B20: 2025年 月 日 ～ 2025年 月 日
A21: 使用枚数 | B21: 枚 | C21: 未使用枚数 | D21: 枚
A23: ■添付書類
A24: 1. 使用領収書の控え
A25: 2. 未使用領収書
A26: 3. 事業報告書
A27: 4. 財審様式10、11（事業収支決算報告書、明細書）
A28: 5. 財審様式25（領収書の管理台帳）
A29: 6. 特別領収書を業者から納品された際の納品書のコピ-
A31: ■提出（郵送）先
A32: 〒102-0093 東京都千代田区平河町2-14-3 公益社団法人 日本青年会議所 事務局経理 宛て
A33: TEL：03-3234-3328 FAX：03-3234-7183

Sheet 領収書管理台帳（様式25）
A1: 〔様式25〕
A2: 領収書管理台帳 | H2: 議長・委員長 | J2: 幹事
A3: 会議・委員会
A4: 議長・委員長
A6: 特別領収書及び領収書綴りを使用する場合、この様式を使用して配布状況を管理してください。
A8: 領収書NO | D8: 使用目的 | E8: 金額 | F8: 発行対象 | G8: 発行日 | H8: 管理責任者 | K8: 捺印
B9: ～ | G9: 年 月 日
B10: ～ | G10: 年 月 日
B11: ～ | G11: 年 月 日
B12: ～ | G12: 年 月 日
B13: ～ | G13: 年 月 日
B14: ～ | G14: 年 月 日
B15: ～ | G15: 年 月 日
B16: ～ | G16: 年 月 日
B17: ～ | G17: 年 月 日
B18: ～ | G18: 年 月 日
B19: ～ | G19: 年 月 日
B20: ～ | G20: 年 月 日
... B33: ～ | G33: 年 月 日
D34: 合計 | E34: =SUM(E9:E33) -> 0

Sheet 事業費支払申請書(様式31)
N1: 〔様式31〕
N2: 2025年 月 日
B3: 公益社団法人 日本青年会議所
B4: 専務理事 加藤 大将 殿
K5: 公益社団法人 日本青年会議所
J6: 申請者 | N6: グル-プ
K7: 担当常任理事 | N7: 印
K9: 作成担当 | N9: 会議・委員会
L10: 議長・委員長
B11: 事 業 費 支 払 申 請 書 兼 支 払 伝 票（ 第 回支払申請）
B12: ='収支決算報告書(様式10)'!$B$4 -> 事業名称：
B14: ﾌﾘｶﾞﾅ | C14: 支払金額 | D14: 科目 | E14: 支払約定日 | F14: 送金先 | L14: 明細・摘要
B15: 支払先名称
B16: (※口座名義ﾌﾘｶﾞﾅ) | F16: 銀行 | H16: 支店 | J16: 口座種別 | K16: 口座番号
B17: (※口座名義)
B18: ｶﾌﾞｼｷｶﾞｲｼｬ ﾏﾙﾏﾙ | C18: ■,■■■ | D18: ○○費 | E18: ○／○ | F18: ○○ | H18: ○○ | J18: ○○ | K18: ■■■■■ | L18: ○○○○資料作成
B19: 株式会社○○○○
B20: (※ｶ)ﾏﾙﾏﾙﾏﾙﾏﾙ ﾀﾞｲﾋｮｳﾄﾘｼﾏﾘﾔｸ ■■■■) | C20: ■■■ | D20: 雑費 | L20: 振込手数料
B21: (※株式会社○○○○ 代表取締役 ■■■■)
B22: ﾏﾙﾏﾙ ﾏﾙﾏﾙ | C22: ■,■■■ | D22: 講師関係費 | E22: ○／○ | F22: ○○ | H22: ○○ | J22: ○○ | K22: ■■■■■ | L22: 講師謝礼金(■■■■ ※講師名記載)
B23: ○○ ○○
B24: (※ﾀﾞｲﾋｮｳ ﾏﾙﾏﾙ ﾏﾙﾏﾙ) | C24: ■■■ | D24: 雑費 | L24: 振込手数料
B25: (※代表 ○○ ○○) | C25: ■■■ | D25: 講師関係費 | F25: 三井住友 | H25: 麹町 | J25: 普通 | K25: □□□□□ | L25: 源泉徴収税
B26: ｶﾌﾞｼｷｶﾞｲｼｬ ﾏﾙﾏﾙ ﾏﾙﾏﾙ | C26: ■,■■■ | D26: ○○費 | E26: ○／○ | F26: ○○信用金庫 | H26: ○○営業部 | J26: ○○ | K26: ■■■■■ | L26: ○○○○作成
B27: 株式会社○○○○
B28: (※ｶﾌﾞｼｷｶﾞｲｼｬ ﾏﾙﾏﾙﾏﾙﾏﾙ) | C28: ■■■ | D28: 雑費 | L28: 振込手数料
B29: (※株式会社○○○○)
B78: 合 計 | C78: =SUM(C18:C77) -> 0
B79: ※振込手数料を忘れずに記入してください。
K80: 日本JC事務局使用欄
K81: 事務局長印 | L81: 経理長印 | M81: 所属長印 | N81: 担当者印
N89: Ver 2018.07

Sheet 事業費仮払申請書(様式32) 
L1: 〔様式32〕
L2: 2025年 月 日
B3: 公益社団法人 日本青年会議所
B4: 専務理事 加藤 大将 殿
I5: 公益社団法人 日本青年会議所
H6: 申請者 | K6: グル-プ | L6: グル-プ
I7: 常任理事 | L7: 印
I9: 作成担当 | L9: 会議・委員会
J10: 議長・委員長
B12: 事 業 費 仮 払 申 請 書 兼 支 払 伝 票（第 回仮払申請)
B13: （事業名称 ： )
B14: ■事業費仮払送金先
B15: 金融機関名： | D15: 支 店 名：
B16: 口 座 種 別： | D16: 口 座 番 号：
B17: 口 座 名 義： | D17: フ リ ガ ナ：
B19: ﾌﾘｶﾞﾅ | C19: 仮払申請 金額(Ｂ) | D19: 科目 | E19: 支払約定日 | F19: 見積確定 金額(A) | G19: 仮払支払後 差額 | H19: 明細・摘要 | J19: 仮払申請理由 | L19: 仮払精算 予定日
B20: 支払先名称
B22: (※仮払精算先) | C22: （※仮払支払額） | F22: （※支払約定額） | G22: (※(A)-(Ｂ))
B23: ｶﾌﾞｼｷｶﾞｲｼｬ ﾏﾙﾏﾙ | C23: ■,■■■ | D23: ○○費 | E23: ○／○ | F23: ■,■■■ | G23: ■,■■■ | H23: ○○○○資料作成 | L23: ○／○
B24: 株式会社○○○○
C25: ■■■ | D25: 雑費 | F25: ■■■ | G25: ■■■ | H25: 振込手数料
G27: =F27-C27 -> 0
G29: =F29-C29 -> 0
G31: =F31-C31 -> 0
G33: =F33-C33 -> 0
G35: =F35-C35 -> 0
G37: =F37-C37 -> 0
G39: =F39-C39 -> 0
G41: =F41-C41 -> 0
G43: =F43-C43 -> 0
G45: =F45-C45 -> 0
G47: =F47-C47 -> 0
G49: =F49-C49 -> 0
... G69: =F69-C69 -> 0
B71: 合 計 | C71: =SUM(C23:C70) -> 0 | F71: =SUM(F23:F70) -> 0 | G71: =SUM(G23:G70) -> 0
B72: ※振込手数料を忘れずに記載すること
I73: 日本JC事務局使用欄
I74: 事務局長印 | J74: 経理長印 | K74: 所属長印 | L74: 担当者印
L82: Ver 2018.07

Sheet 事業費仮払精算書(様式33)
J1: 〔様式33〕
J2: 2025年 月 日
B3: 公益社団法人 日本青年会議所
B4: 専務理事 加藤 大将 殿
G5: 公益社団法人 日本青年会議所
F6: 申請者 | I6: グル-プ | J6: グル-プ
G7: 常任理事 | J7: 印
G9: 作成担当 | J9: 会議・委員会
H10: 議長・委員長
B12: 事 業 費 仮 払 精 算 書 兼 支 払 伝 票（第 回仮払申請)
B13: （事業名称 ： )
B14: ■事業費仮払精算先 (※残額発生時 事業口座を記載)
B15: 金融機関名： | C15: 支 店 名：
B16: 口 座 種 別： | C16: 口 座 番 号：
B17: 口 座 名 義： | C17: フ リ ガ ナ：
B19: ﾌﾘｶﾞﾅ | C19: 仮払精算 金額(Ｂ) | D19: 科目 | E19: 仮払精算日 | F19: 仮払申請 金額(A) | G19: 差引残高 | H19: 明細・摘要 | J19: 支払完了日
B20: 支払先名称
B22: (※仮払精算先) | C22: （※精算額） | F22: （※支払約定額） | G22: (※(A)-(Ｂ))
B23: ｶﾌﾞｼｷｶﾞｲｼｬ ﾏﾙﾏﾙ | C23: ■,■■■ | D23: ○○費 | E23: ○／○ | F23: ■,■■■ | G23: ■,■■■ | H23: ○○○○資料作成 | J23: ○／○
B24: 株式会社○○○○
C25: ■■■ | D25: 雑費 | F25: ■■■ | G25: ■■■ | H25: 振込手数料
G27: =F27-C27 -> 0
G29: =F29-C29 -> 0
G31: =F31-C31 -> 0
G33: =F33-C33 -> 0
G35: =F35-C35 -> 0
G37: =F37-C37 -> 0
G39: =F39-C39 -> 0
G41: =F41-C41 -> 0
G43: =F43-C43 -> 0
G45: =F45-C45 -> 0
G47: =F47-C47 -> 0
G49: =F49-C49 -> 0
... G69: =F69-C69 -> 0
B71: 合 計 | F71: =SUM(F23:F70) -> 0 | G71: =SUM(G23:G70) -> 0
B72: ※振込手数料を忘れずに記載すること
B73: ※領収書原本、銀行振込明細票原本+請求書を添付し申請すること。コピ-不可。
G74: 日本JC事務局使用欄
G75: 事務局長印 | H75: 経理長印 | I75: 所属長印 | J75: 担当者印
J83: Ver 2018.07

Sheet 事業費支払管理書(様式34)
F1: [様式34]
F2: 2025年 月 日
A3: 公益社団法人 日本青年会議所
A4: 専務理事 加藤 大将 殿
E5: 公益社団法人 日本青年会議所
D6: 申請者 | E6: グル-プ
E7: 担当常任理事
D8: 作成担当 | E8: 会議・委員会
E9: 議長・委員長
A11: 事業費支払管理書
A12: ='収支決算報告書(様式10)'!$B$4 -> 事業名称： | E12: 第 回支払申請
F13: （単位 ： 円）
B14: 項 目 | C14: 事業予算 | D14: 前回申請後 予算残額 （A） | E14: 今回 申 請 額 （Ｂ） | F14: 差引 予算残額 （（A）-（Ｂ））
B15: （費用の部）
A16: 1 | B16: 会場設営費 | F16: =D16-E16 -> 0
A17: 2 | B17: 企画・演出費 | F17: =D17-E17 -> 0
A18: 3 | B18: 本部団関係費 | F18: =D18-E18 -> 0
A19: 4 | B19: 講師関係費 | F19: =D19-E19 -> 0
A20: 5 | B20: 広報費 | F20: =D20-E20 -> 0
A21: 6 | B21: 資料作成費 | F21: =D21-E21 -> 0
A22: 7 | B22: 報告書作成費 | F22: =D22-E22 -> 0
A23: 8 | B23: 渉外費 | F23: =D23-E23 -> 0
A24: 9 | B24: 旅費交通費 | F24: =D24-E24 -> 0
A25: 10 | B25: 参加記念品費 | F25: =D25-E25 -> 0
A26: 11 | B26: 保険料 | F26: =D26-E26 -> 0
A27: 12 | B27: 通信費 | F27: =D27-E27 -> 0
... A29: 14 | B29: 予備費 | F29: =D29-E29 -> 0
B30: 費用計 | C30: =SUM(C16:C29) -> 0 | D30: =SUM(D16:D29) -> 0 | E30: =SUM(E16:E29) -> 0 | F30: =SUM(F16:F29) -> 0
F31: Ver 2017.09

Sheet 預り金明細書（様式41）
X1: [様式41]
A2: 預 り 金 明 細 書
A3: 会議・委員会名： | X3: ペ-ジ：（ / ）
A4: NO | B4: 日 付 | C4: 氏 名 | D4: 預り金 （前ペ-ジ残高） | E4: 預 り 金 使 用 の 内 容 | Y4: 残 高
E5: 月 日 | F5: 月 日 | G5: 月 日 | H5: 月 日 | I5: 月 日 | J5: 月 日 | K5: 月 日 | L5: 月 日 | M5: 月 日 | N5: 月 日 | O5: 月 日 | P5: 月 日 | Q5: 月 日 | R5: 月 日 | S5: 月 日 | T5: 月 日 | U5: 月 日 | V5: 月 日 | W5: 月 日 | X5: 月 日
A7: 1 | Y7: =D7-SUM(E7:X7) -> 0
A8: 2 | Y8: =D8-SUM(E8:X8) -> 0
A9: 3 | Y9: =D9-SUM(E9:X9) -> 0
A10: 4 | Y10: =D10-SUM(E10:X10) -> 0
A11: 5 | Y11: =D11-SUM(E11:X11) -> 0
A12: 6 | Y12: =D12-SUM(E12:X12) -> 0
A13: 7 | Y13: =D13-SUM(E13:X13) -> 0
A14: 8 | Y14: =D14-SUM(E14:X14) -> 0
A15: 9 | Y15: =D15-SUM(E15:X15) -> 0
A16: 10 | Y16: =D16-SUM(E16:X16) -> 0
A17: 11 | Y17: =D17-SUM(E17:X17) -> 0
A18: 12 | Y18: =D18-SUM(E18:X18) -> 0
... A66: 60 | Y66: =D66-SUM(E66:X66) -> 0
A67: 合 計 | E67: =SUM(E7:E66) -> 0 | F67: =SUM(F7:F66) -> 0 | G67: =SUM(G7:G66) -> 0 | H67: =SUM(H7:H66) -> 0 | I67: =SUM(I7:I66) -> 0 | J67: =SUM(J7:J66) -> 0 | K67: =SUM(K7:K66) -> 0 | L67: =SUM(L7:L66) -> 0 | ... Y67: =SUM(Y7:Y66) -> 0

Sheet 預り金明細書_見本（様式41)
W1: [様式41]
A2: 預 り 金 明 細 書 （見本）
A3: 財政審査会議 | V3: ペ-ジ：（ 1 /1 ）
A4: NO | B4: 日 付 | C4: 氏 名 | D4: 預り金 （前ペ-ジ残高） | E4: 預 り 金 使 用 の 内 容 | W4: 残 高
E5: 2月 7日 | F5: 2月 7日 | G5: 2月 7日 | H5: 2月 7日 | I5: 2月 7日 | J5: 2月 7日 | K5: 2月 20日 | L5: 2月 20日 | M5: 3月 3日 | N5: 6月 17日 | O5: 6月 17日 | P5: 6月 17日 | Q5: 6月 17日 | R5: 7月 7日 | S5: 8月 8日 | T5: 9月 22日 | U5: 月 日 | V5: 月 日
E6: 京都会議会場設営費 | F6: 京都会議ブ-ス出展費用 | G6: 京都会議振込手数料 | H6: 京都会議資料費 | I6: 京都会議立替分 | J6: さくらインタ-ネット立替分 | K6: 東洋印刷 | L6: 東洋印刷振込手数料 | M6: 京都会議立替分 | N6: 京都会議登録料返金 | O6: 京都会議立替分 | P6: さくらインタ-ネット立替分 | Q6: さくらインタ-ネット立替分 | R6: 京都会議登録料返金 | S6: さくらインタ-ネット | T6: 京都会議登録料返金
A7: 1 | B7: 40928 | C7: 岡部祥司 | D7: 20000 | E7: 2592 | F7: 875 | G7: 24 | H7: 488 | J7: 6292 | K7: 2450 | L7: 84 | N7: 7300 | P7: -6292 | Q7: 1567 | S7: -1050 | W7: =D7-SUM(E7:V7) -> 5670
A8: 2 | B8: 40928 | C8: 加藤宗兵衛 | D8: 20000 | E8: 2589 | F8: 875 | G8: 19 | H8: 465 | J8: 6289 | K8: 1600 | L8: 78 | N8: 7300 | P8: -6289 | Q8: 1564 | S8: -1050 | W8: =D8-SUM(E8:V8) -> 6560
A9: 3 | B9: 40928 | C9: 足立 浩 | D9: 20000 | E9: 2589 | F9: 875 | G9: 19 | H9: 465 | J9: 6289 | K9: 1600 | L9: 78 | N9: 7300 | P9: -6289 | Q9: 1564 | S9: -1050 | W9: =D9-SUM(E9:V9) -> 6560
A10: 4 | B10: 40928 | C10: 清水康裕 | D10: 20000 | E10: 2589 | F10: 875 | G10: 19 | H10: 465 | J10: 6289 | K10: 1600 | L10: 78 | N10: 7300 | P10: -6289 | Q10: 1564 | S10: -1050 | W10: =D10-SUM(E10:V10) -> 6560
A11: 5 | B11: 40928 | C11: 坪井潤一 | D11: 20000 | E11: 2589 | F11: 875 | G11: 19 | H11: 465 | J11: 6289 | K11: 1600 | L11: 78 | N11: 7300 | P11: -6289 | Q11: 1564 | S11: -1050 | W11: =D11-SUM(E11:V11) -> 6560
A12: 6 | B12: 40928 | C12: 水野雅美 | D12: 20000 | E12: 2589 | F12: 875 | G12: 19 | H12: 465 | I12: 3070 | J12: 6289 | K12: 1600 | L12: 78 | N12: 7300 | O12: -3070 | P12: -6289 | Q12: 1564 | S12: -1050 | W12: =D12-SUM(E12:V12) -> 6560
A13: 7 | B13: 40928 | C13: 鈴木あかり | D13: 20000 | E13: 2589 | F13: 875 | G13: 19 | H13: 465 | I13: 3070 | J13: 6289 | K13: 1600 | L13: 78 | N13: 7300 | P13: -6289 | Q13: 1564 | S13: -1050 | W13: =D13-SUM(E13:V13) -> 3490
A14: 8 | B14: 40928 | C14: 斎藤 慎也 | D14: 20000 | E14: 2589 | F14: 875 | G14: 19 | H14: 465 | I14: 3070 | J14: 6289 | K14: 1600 | L14: 78 | M14: -3070 | N14: 7300 | P14: -6289 | Q14: 1564 | S14: -1050 | W14: =D14-SUM(E14:V14) -> 6560
A15: 9 | B15: 40928 | C15: 八巻 有芝 | D15: 20000 | E15: 2589 | G15: 16 | H15: 465 | Q15: 1050 | R15: 7300 | S15: -1050 | W15: =D15-SUM(E15:V15) -> 9630
A16: 10 | B16: 40928 | C16: 津久井 盛夫 | D16: 20000 | E16: 2589 | G16: 16 | H16: 465 | N16: 7300 | Q16: 1050 | S16: -1050 | W16: =D16-SUM(E16:V16) -> 9630
A17: 11 | B17: 40928 | C17: 松下 延樹 | D17: 20000 | E17: 2589 | G17: 16 | H17: 465 | N17: 7300 | Q17: 1050 | S17: -1050 | W17: =D17-SUM(E17:V17) -> 9630
A18: 12 | B18: 40928 | C18: 林 洋一 | D18: 20000 | E18: 2589 | G18: 16 | H18: 465 | N18: 7300 | Q18: 1050 | S18: -1050 | W18: =D18-SUM(E18:V18) -> 9630
A19: 13 | B19: 40928 | C19: 長村 みさお | D19: 20000 | E19: 2589 | G19: 16 | H19: 465 | Q19: 1050 | S19: -1050 | W19: =D19-SUM(E19:V19) -> 16930
A20: 14 | B20: 40928 | C20: 原 仁志 | D20: 20000 | E20: 2589 | G20: 16 | H20: 465 | N20: 7300 | Q20: 1050 | S20: -1050 | W20: =D20-SUM(E20:V20) -> 9630
A21: 15 | B21: 40928 | C21: 八木 淳 | D21: 20000 | E21: 2589 | G21: 16 | H21: 465 | Q21: 1050 | S21: -1050 | T21: 7300 | W21: =D21-SUM(E21:V21) -> 9630
A22: 16 | B22: 40928 | C22: 濱田 竜一 | D22: 20000 | E22: 2589 | G22: 16 | H22: 465 | N22: 7300 | Q22: 1050 | S22: -1050 | W22: =D22-SUM(E22:V22) -> 9630
A23: 17 | B23: 40928 | C23: 西表 晋作 | D23: 20000 | E23: 2589 | G23: 16 | H23: 465 | Q23: 1050 | S23: -1050 | W23: =D23-SUM(E23:V23) -> 16930
A24: 18 | B24: 40928 | C24: 髙橋正英 | D24: 20000 | E24: 2589 | G24: 16 | H24: 465 | N24: 7300 | Q24: 1050 | S24: -1050 | W24: =D24-SUM(E24:V24) -> 9630
A25: 19 | B25: 40928 | C25: 田中太郎 | D25: 20000 | E25: 2589 | G25: 16 | H25: 465 | N25: 7300 | Q25: 1050 | S25: -1050 | W25: =D25-SUM(E25:V25) -> 9630
A26: 20 | B26: 40928 | C26: 青木孝幸 | D26: 20000 | Q26: 1050 | S26: -1050 | W26: =D26-SUM(E26:V26) -> 20000
A27: 21 | B27: 40928 | C27: 足利有美 | D27: 20000 | E27: 2589 | G27: 16 | H27: 465 | Q27: 1050 | R27: 7300 | S27: -1050 | W27: =D27-SUM(E27:V27) -> 9630
A28: 22 | B28: 40928 | C28: 岩崎諭史 | D28: 20000 | E28: 2589 | G28: 16 | H28: 465 | Q28: 1050 | S28: -1050 | W28: =D28-SUM(E28:V28) -> 16930
A29: 23 | B29: 40928 | C29: 大越誠之 | D29: 20000 | E29: 2589 | G29: 16 | H29: 465 | Q29: 1050 | S29: -1050 | W29: =D29-SUM(E29:V29) -> 16930
A30: 24 | B30: 40928 | C30: 亀井 正智 | D30: 20000 | E30: 2589 | G30: 16 | H30: 465 | N30: 7300 | Q30: 1050 | S30: -1050 | W30: =D30-SUM(E30:V30) -> 9630
A31: 25 | B31: 40928 | C31: 小俣徹 | D31: 20000 | E31: 2589 | G31: 16 | H31: 465 | Q31: 1050 | S31: -1050 | W31: =D31-SUM(E31:V31) -> 16930
A32: 26 | B32: 40928 | C32: 杉山直希 | D32: 20000 | E32: 2589 | G32: 16 | H32: 465 | N32: 7300 | Q32: 1050 | S32: -1050 | W32: =D32-SUM(E32:V32) -> 9630
A33: 27 | B33: 40928 | C33: 田中 奈央子 | D33: 20000 | E33: 2589 | G33: 16 | H33: 465 | Q33: 1050 | S33: -1050 | W33: =D33-SUM(E33:V33) -> 16930
A34: 28 | B34: 40928 | C34: 丹生茂希 | D34: 20000 | E34: 2589 | G34: 16 | H34: 465 | N34: 7300 | Q34: 1050 | S34: -1050 | W34: =D34-SUM(E34:V34) -> 9630
A35: 29 | B35: 40928 | C35: 齋藤 洋邦 | D35: 20000 | E35: 2589 | G35: 16 | H35: 465 | N35: 7300 | Q35: 1050 | S35: -1050 | W35: =D35-SUM(E35:V35) -> 9630
A36: 30 | B36: 40928 | C36: 相澤 明弘 立替分 | D36: 3070 | E36: 2589 | G36: 16 | H36: 465 | W36: =D36-SUM(E36:V36) -> 0
A37: 31 | B37: 40928 | C37: 五十嵐 勝博立替分 | D37: 3070 | E37: 2589 | G37: 16 | H37: 465 | W37: =D37-SUM(E37:V37) -> 0
A38: 32 | B38: 40928 | C38: 草野 繁登 立替分 | D38: 3070 | E38: 2589 | G38: 16 | H38: 465 | W38: =D38-SUM(E38:V38) -> 0
A39: 33 | B39: 40959 | C39: 普通預金利息 | D39: 3 | W39: =D39-SUM(E39:V39) -> 3
A40: 34 | B40: 40971 | C40: 湖山和英 | D40: 20000 | M40: 3070 | Q40: 1050 | S40: -1050 | W40: =D40-SUM(E40:V40) -> 16930
A41: 35 | B41: 40971 | C41: 齊藤 誠 | D41: 20000 | N41: 7300 | Q41: 1050 | S41: -1050 | W41: =D41-SUM(E41:V41) -> 12700
A42: 36 | B42: 40971 | C42: 清水 幹久 | D42: 20000 | Q42: 1050 | S42: -1050 | T42: 7300 | W42: =D42-SUM(E42:V42) -> 12700
A43: 37 | B43: 41013 | C43: 鈴木 圭史 | D43: 20000 | N43: 7300 | Q43: 1050 | S43: -1050 | W43: =D43-SUM(E43:V43) -> 12700
A44: 38 | B44: 41014 | C44: 田中 宏昌 | D44: 20000 | Q44: 1050 | S44: -1050 | W44: =D44-SUM(E44:V44) -> 20000
A45: 39 | B45: 41048 | C45: 会務運営費相殺 | D45: -46200 | Q45: -46200 | W45: =D45-SUM(E45:V45) -> 0
A46: 40 | B46: 41077 | C46: 南 嘉邦 | D46: 3070 | O46: 3070 | W46: =D46-SUM(E46:V46) -> 0
A47: 41 | B47: 41077 | C47: 野口和範 | D47: -3070 | O47: -3070 | W47: =D47-SUM(E47:V47) -> 0
A48: 42 | B48: 41077 | C48: 渡邊実輝宏 | D48: 20000 | Q48: 1050 | S48: -1050 | W48: =D48-SUM(E48:V48) -> 20000
A49: 43 | B49: 41077 | C49: 安部 修司 | D49: 20000 | Q49: 1050 | S49: -1050 | W49: =D49-SUM(E49:V49) -> 20000
A50: 44 | B50: 41077 | C50: 岡本友二郎 | D50: 20000 | Q50: 1050 | S50: -1050 | W50: =D50-SUM(E50:V50) -> 20000
A51: 45 | B51: 41077 | C51: 小林邦章 | D51: 20000 | Q51: 1050 | S51: -1050 | W51: =D51-SUM(E51:V51) -> 20000
A52: 46 | B52: 41077 | C52: 後藤優太 | D52: 20000 | Q52: 1050 | S52: -1050 | W52: =D52-SUM(E52:V52) -> 20000
A53: 47 | B53: 41077 | C53: 中島 渉 | D53: 20000 | Q53: 1050 | S53: -1050 | W53: =D53-SUM(E53:V53) -> 20000
A54: 48 | B54: 41077 | C54: 葉月雛丸 | D54: 20000 | Q54: 1050 | S54: -1050 | W54: =D54-SUM(E54:V54) -> 20000
A55: 49 | B55: 41077 | C55: 樋口陽平 | D55: 20000 | Q55: 1050 | S55: -1050 | W55: =D55-SUM(E55:V55) -> 20000
A56: 50 | B56: 41077 | C56: 松村 一弘 | D56: 20000 | Q56: 1050 | S56: -1050 | W56: =D56-SUM(E56:V56) -> 20000
A57: 51 | B57: 41077 | C57: 三井史生 | D57: 20000 | Q57: 1050 | S57: -1050 | W57: =D57-SUM(E57:V57) -> 20000
A58: 52 | B58: 41129 | C58: 向井久雄 | D58: 46200 | S58: 46200 | W58: =D58-SUM(E58:V58) -> 0
A59: 53 | B59: 41141 | C59: 三宅智貴 | D59: 20000 | W59: =D59-SUM(E59:V59) -> 20000
A60: 54 | B60: 41142 | C60: 松本和之 | D60: 20000 | W60: =D60-SUM(E60:V60) -> 20000
A61: 55 | B61: 41143 | C61: 猪瀬正幹 | D61: 20000 | W61: =D61-SUM(E61:V61) -> 20000
A62: 56 | B62: 41144 | C62: 佐藤ぱうろ | D62: 20000 | W62: =D62-SUM(E62:V62) -> 20000
A63: 57 | B63: 41145 | C63: 飯野 光長 | D63: 20000 | W63: =D63-SUM(E63:V63) -> 20000
A64: 58 | B64: 41146 | C64: 大屋 仁志 | D64: 20000
A65: 59 | B65: 41147 | C65: 小笠原信隆 | D65: 20000
A66: 60 | B66: 41148 | C66: 齊藤喬 | D66: 20000
A67: 61 | B67: 41149 | C67: 佐-木大輔 | D67: 20000
A68: 62 | B68: 41150 | C68: 佐藤賛 | D68: 20000
A69: 63 | B69: 41151 | C69: 本橋幸玄 | D69: 20000
A70: 64 | B70: 41152 | C70: 薮下 敏也 | D70: 20000
A71: 65 | B71: 41153 | C71: 山口和秀 | D71: 20000
A72: 合 計 | E72: =SUM(E7:E71) -> 80262 | F72: =SUM(F7:F71) -> 7000 | G72: =SUM(G7:G71) -> 525 | H72: =SUM(H7:H71) -> 14438 | I72: =SUM(I7:I71) -> 9210 | J72: =SUM(J7:J71) -> 50315 | K72: =SUM(K7:K71) -> 13650 | L72: =SUM(L7:L71) -> 630 | ... W72: =SUM(W7:W71) -> 679953

Sheet 総勘定元帳（様式42）
F1: [様式42]
B2: 総 勘 定 元 帳
E3: ペ-ジ：
F4: 会議・委員会
A5: 日 付 | B5: 科 目 | C5: 摘 要 | D5: 収入金額 | E5: 支払金額 | F5: 差引残高
A6: 前ペ-ジよりの繰越金額 | F6: 0
F7: =F6+D7-E7 -> 0
F8: =F7+D8-E8 -> 0
F9: =F8+D9-E9 -> 0
F10: =F9+D10-E10 -> 0
F11: =F10+D11-E11 -> 0
F12: =F11+D12-E12 -> 0
F13: =F12+D13-E13 -> 0
F14: =F13+D14-E14 -> 0
F15: =F14+D15-E15 -> 0
F16: =F15+D16-E16 -> 0
F17: =F16+D17-E17 -> 0
F18: =F17+D18-E18 -> 0
... F40: =F39+D40-E40 -> 0
A41: 計 | D41: =SUM(D7:D40) -> 0 | E41: =SUM(E7:E40) -> 0 | F41: =F40 -> 0
A43: 尚、全ての項目を記載出来る市販の出納帳の使用も可能です。

Sheet 総勘定元帳_見本（様式42）
F1: [様式42]
A2: 総 勘 定 元 帳 (見本)
E3: ペ-ジ：2
E4: 財政審査会議
A5: 日 付 | B5: 科 目 | C5: 摘 要 | D5: 収入金額 | E5: 支払金額 | F5: 差引残高
A6: 前ペ-ジよりの繰越金額 | F6: 296898
A7: 40950 | C7: 日南開発 | E7: 14438 | F7: =F6+D7-E7 -> 282460
A8: 40959 | C8: 普通預金利息 | D8: 3 | F8: =F7+D8-E8 -> 282463
A9: 40959 | C9: 東洋印刷 | E9: 13650 | F9: =F8+D9-E9 -> 268813
A10: 40959 | C10: 振込手数料 | E10: 630 | F10: =F9+D10-E10 -> 268183
A11: 40971 | C11: 上程 花子 | D11: 15000 | F11: =F10+D11-E11 -> 283183
A12: 40971 | C12: 相澤明弘 | D12: 15000 | F12: =F11+D12-E12 -> 298183
A13: 40971 | C13: 五十嵐勝博 | D13: 15000 | F13: =F12+D13-E13 -> 313183
A14: 41013 | C14: 草野繁登 | D14: 15000 | F14: =F13+D14-E14 -> 328183
A15: 41014 | C15: 湖山和秀 | D15: 15000 | F15: =F14+D15-E15 -> 343183
A16: 41076 | C16: 岡部祥司に返金 | E16: 7300 | F16: =F15+D16-E16 -> 335883
A17: 41076 | C17: 加藤宗兵衛に返金 | E17: 7300 | F17: =F16+D17-E17 -> 328583
A18: 41076 | C18: 足立浩に返金 | E18: 7300 | F18: =F17+D18-E18 -> 321283
A19: 41076 | C19: 清水康裕に返金 | E19: 7300 | F19: =F18+D19-E19 -> 313983
A20: 41076 | C20: 坪井潤一に返金 | E20: 7300 | F20: =F19+D20-E20 -> 306683
A21: 41076 | C21: 眞鍋大介に返金 | E21: 7300 | F21: =F20+D21-E21 -> 299383
A22: 41076 | C22: 水野雅美に返金 | E22: 7300 | F22: =F21+D22-E22 -> 292083
A23: 41076 | C23: 鈴木あかりに返金 | E23: 7300 | F23: =F22+D23-E23 -> 284783
A24: 41076 | C24: 齋藤慎也に返金 | E24: 7300 | F24: =F23+D24-E24 -> 277483
A25: 41076 | C25: 八巻有芝に返金 | E25: 7300 | F25: =F24+D25-E25 -> 270183
A26: 41076 | C26: 津久井盛夫に返金 | E26: 7300 | F26: =F25+D26-E26 -> 262883
A27: 41076 | C27: 松下延樹に返金 | E27: 7300 | F27: =F26+D27-E27 -> 255583
... A35: 41077 | C35: 田中太郎に返金 | E35: 7300 | F35: =F34+D35-E35 -> 197183
A36: 41077 | C36: 財審太郎 | D36: 3070 | F36: =F35+D36-E36 -> 200253
A37: 41078 | C37: 青木孝幸に返金 | E37: 7300 | F37: =F36+D37-E37 -> 192953
F38: =F37+D38-E38 -> 192953
F39: =F38+D39-E39 -> 192953
F40: =F39+D40-E40 -> 192953
A41: 計 | D41: =SUM(D7:D40) -> 78073 | E41: =SUM(E7:E40) -> 182018 | F41: =F40 -> 192953
A43: 尚、全ての項目を記載出来る市販の出納帳の使用も可能です。

Sheet 預金出納帳（様式52）
F1: [様式52]
A2: 預 金 出 納 帳
E3: ペ-ジ：
F4: 会議・委員会
A5: 日 付 | B5: 科 目 | C5: 摘 要 | D5: 収入金額 | E5: 支払金額 | F5: 差引残高
A6: 前ペ-ジよりの繰越金額 | F6: 0
F7: =F6+D7-E7 -> 0
F8: =F7+D8-E8 -> 0
F9: =F8+D9-E9 -> 0
F10: =F9+D10-E10 -> 0
F11: =F10+D11-E11 -> 0
F12: =F11+D12-E12 -> 0
F13: =F12+D13-E13 -> 0
F14: =F13+D14-E14 -> 0
F15: =F14+D15-E15 -> 0
F16: =F15+D16-E16 -> 0
F17: =F16+D17-E17 -> 0
F18: =F17+D18-E18 -> 0
... F40: =F39+D40-E40 -> 0
A41: 計 | D41: =SUM(D7:D40) -> 0 | E41: =SUM(E7:E40) -> 0 | F41: =F40 -> 0
A43: 尚、全ての項目を記載出来る市販の出納帳の使用も可能です。

Sheet 現金出納帳（様式53）
F1: [様式53]
A2: 現 金 出 納 帳
E3: ペ-ジ：
F4: 会議・委員会
A5: 日 付 | B5: 科 目 | C5: 摘 要 | D5: 収入金額 | E5: 支払金額 | F5: 差引残高
A6: 前ペ-ジよりの繰越金額 | F6: 0
F7: =F6+D7-E7 -> 0
F8: =F7+D8-E8 -> 0
F9: =F8+D9-E9 -> 0
F10: =F9+D10-E10 -> 0
F11: =F10+D11-E11 -> 0
F12: =F11+D12-E12 -> 0
F13: =F12+D13-E13 -> 0
F14: =F13+D14-E14 -> 0
F15: =F14+D15-E15 -> 0
F16: =F15+D16-E16 -> 0
F17: =F16+D17-E17 -> 0
F18: =F17+D18-E18 -> 0
... F40: =F39+D40-E40 -> 0
A41: 計 | D41: =SUM(D7:D40) -> 0 | E41: =SUM(E7:E40) -> 0 | F41: =F40 -> 0
A43: 尚、全ての項目を記載出来る市販の出納帳の使用も可能です。

Sheet 日本JC専用封筒価格表
N2: 2025年 月 日
B5: 日本JC封筒等価格表
B6: （日本JCマ-ク入り封筒、その他用）
B7: 下記のとおり、お見積申し上げます。
B9: 見積内容
B10: 1 日本JCマ-ク入り封筒
B11: サイズ | G11: 数量 | K11: 単価（円） | O11: 金額（円）
B12: 定形（長3） | K12: 20 | O12: =G12*K12 -> 0
B13: 定形外（角2） | K13: 30 | O13: =G13*K13 -> 0
B14: 定形外（角2マチ付） | K14: 100 | O14: =G14*K14 -> 0
B15: 合計 | K15: - | O15: =SUM(O12:R14) -> 0
B17: 2 その他
B18: 内容 | C18: 内容 | G18: 数量 | K18: 単価（円） | O18: 金額（円）
B19: コピ- | K19: 20 | O19: =G19*K19 -> 0
O20: =G20*K20 -> 0
O21: =G21*K21 -> 0
B22: 合計 | K22: - | O22: =SUM(O19:R21) -> 0
B24: ※ | C24: 封筒並びに請求書発行の依頼に関しては、財政審査会議における予算審議可決後、事務局委員会担当者までお問い合わせください。
B26: ※ | C26: JC会館会議室利用に関しては、会議室使用申込書に必要事項を記入のうえ、財政審査会議予算審議時に提出してください。
